Cogmind - Beta 17.1 @@@ ROGUE MODE // 2026.09.02 @ 17:50:53 Player: szymekc Result: Escaped singularity! Performance ------------- Evolutions (9) 4500 Regions Visited (29) 5800 Robots Destroyed (619) 3095 Value Destroyed (40897) 40897 Prototype IDs (379) 7580 Alien Tech Used (16) 3200 Bonus (97776) 97776 TOTAL SCORE: 162848 Bonus ------- Triggered High Security 500 High Alert Combat Kills 17699 Follower Combat Kills 1584 Prayed to X0-1V1 5000 Major X0-1V1 Interference 24400 Subatomizer Sterilization 3000 Entered Garrisons 800 Used RIF Installer 2000 Met Imprinter 300 Used Core Reset Matrix 3000 Scanned by Researcher 500 Destroyed MAIN.C Guards 500 Met MAIN.C 5000 Destroyed MAIN.C Shell 5000 Destroyed MAIN.C 10000 Met Architect 300 Destroyed A8 300 Destroyed A6 400 Destroyed A5 500 Destroyed Architect 15000 Win 3000 Friendly Fire -1007 Cogmind --------- Core Integrity 248/1250 Matter 925/925 Energy 1623/1905 System Corruption 0% +Membrane Temperature Cool (0) +ITN Movement Walking (90) Location Near Former Tau Ceti IV Parts ------- > --- POWER (4) -------- Antimatter Reactor Graviton Reactor Graviton Reactor > --- PROPULSION (7) --- Centrium Leg Experimental Biometal Leg Experimental Biometal Leg Experimental Biometal Leg Experimental Biometal Leg (fused) Experimental Biometal Leg Experimental Biometal Leg > --- UTILITY (12) ----- Desublimator High-capacity Storage Unit Experimental Targeting Computer Experimental Core Analyzer Experimental Core Analyzer Improved Armor Integrity Analyzer Experimental Weapon Cycler Layered Medium Armor Plating SHELL Armor > --- WEAPON (2) ------- Core Cannon > --- INVENTORY (23) --- Enhanced Flexi-carbon Leg Enhanced Flexi-carbon Leg Enhanced Flexi-carbon Leg Enhanced Flexi-carbon Leg Experimental Biometal Leg Experimental Energy Well (600) Experimental Matter Compressor (287) Experimental Matter Compressor (0) Thermal Barrier Experimental Shock Absorption System Advanced Force Field Experimental Force Field Advanced Variable Charge Gun Precision Phase Gun Precision Phase Gun Heavy Quantum Rifle Heavy Quantum Rifle Compact HERF Cannon Neutron Cannon Neutron Cannon Peak State ------------ > --- POWER ------------ Quantum Reactor Quantum Reactor Improved Quantum Reactor Zero-point Reactor > --- PROPULSION ------- Centrium Leg Experimental Biometal Leg Experimental Biometal Leg Experimental Biometal Leg Experimental Biometal Leg Experimental Biometal Leg Experimental Biometal Leg > --- UTILITY ---------- Desublimator High-capacity Storage Unit Experimental Targeting Computer Experimental Core Analyzer Improved Armor Integrity Analyzer Advanced Kinecellerator Experimental Weapon Cycler SHELL Armor Thermal Barrier AEGIS Remote Shield > --- WEAPON ----------- Heavy Quantum Rifle Heavy Quantum Rifle Heavy Quantum Rifle > --- INVENTORY -------- Light Quantum Reactor Enhanced Flexi-carbon Leg Experimental Biometal Leg Desublimator Large Storage Unit Experimental Energy Well Experimental Matter Compressor Experimental Matter Compressor Experimental Core Analyzer Experimental Weapon Shielding Experimental Shock Absorption System Advanced Force Field Experimental Force Field Advanced Variable Charge Gun Compact HERF Cannon Core Cannon Omega Cannon [Rating: 270] Favorites ----------- Power Improved Quantum Reactor Engine Cooled Deuterium Engine Power Core Micro Nuclear Core Reactor Improved Quantum Reactor Propulsion Combat Linear Gravjet Treads Light Treads Leg Centrium Leg Hover Unit Combat Linear Gravjet Flight Unit Impulse Thruster Array Utility Experimental Core Analyzer Device Graphene Brace Storage Huge Storage Unit Processor Experimental Core Analyzer Hackware Relay Coupler [NC] Protection Centrium Heavy Armor Plating Artifact Phase Redirector Weapon Enhanced Nova Cannon Energy Gun Gatling Laser Energy Cannon Enhanced Nova Cannon Ballistic Gun Light Assault Rifle Ballistic Cannon Battle Cannon Launcher Rocket Launcher Special Weapon Advanced Remote Datajack Slashing Weapon Scimitar of Distortion Piercing Weapon Plasma Lance Special Melee Weapon Chaos Jack Build | -11 -10 -10 -9 -9 -9 -8 -8 -7 -7 -7 -7 -7 -6 -6 -6 -6 -6 -5 -5 -4 -4 -3 -3 -2 -2 -2 -1 -1 -1 ------- Run | Yrd Mat Min Mat Min Exi Min Mat Fac Low Low Zio Dee Pro Fac Gar Fac Gar Fac Gar Fac Gar Res Tes Res Qua Sec Acc Com Ac0 Slots Evolved 18 | . . . 2 . . . 2 2 . . . . . 2 . . . 2 . 2 . 2 . 2 . . 2 . . Power 2 | . . . . . . . . . . . . . . 1 . . . . . . . 1 . . . . . . . Propulsion 4 | . . . 1 . . . 1 . . . . . . 1 . . . 1 . . . . . . . . . . . Utility 11 | . . . 1 . . . 1 2 . . . . . . . . . 1 . 2 . 1 . 1 . . 2 . . Weapon 1 | . . . . . . . . . . . . . . . . . . . . . . . . 1 . . . . . Parts Attached 489 | 7 3 1 20 . 6 6 18 11 3 4 9 10 1 9 19 8 8 3 25 6 21 11 27 26 14 41 104 43 25 Power 76 | 1 . 1 1 . 1 1 2 1 . . 1 1 . 2 3 3 4 . 3 . . 3 3 4 1 7 22 5 6 Engine 13 | 1 . 1 1 . 1 1 2 . . . 1 . . 1 3 1 . . . . . . . . . . . . . Core 8 | . . . . . . . . 1 . . . . . . . 1 3 . 2 . . 1 . . . . . . . Reactor 55 | . . . . . . . . . . . . 1 . 1 . 1 1 . 1 . . 2 3 4 1 7 22 5 6 Propulsion 112 | 2 . . 8 . . . 9 1 2 . 2 4 . 2 5 . . 2 6 4 8 3 6 3 2 13 11 12 7 Treads 35 | 2 . . 4 . . . 9 1 2 . 2 . . . . . . . . . 1 . . . . 5 3 6 . Leg 57 | . . . 3 . . . . . . . . . . . 1 . . . 6 4 7 3 6 3 2 8 1 6 7 Wheel . | . . . . . . . . . . . . . . . . . . . . . . . . . . . . . . Hover 12 | . . . . . . . . . . . . 4 . . . . . 1 . . . . . . . . 7 . . Flight 8 | . . . 1 . . . . . . . . . . 2 4 . . 1 . . . . . . . . . . . Utility 207 | 2 3 . 4 . 2 5 3 4 1 3 2 4 1 3 5 4 2 1 13 2 5 3 14 9 7 15 60 21 9 Device 122 | 2 1 . 2 . 1 4 . 3 1 2 2 1 . 1 2 2 . . 5 1 4 2 7 5 4 10 42 12 6 Storage 14 | . 2 . 1 . . . 1 . . . . 1 . . 1 . . . . . . . 2 . 1 . 4 1 . Processor 27 | . . . . . . . . 1 . . . . 1 . 1 . . . 2 . . 1 1 3 . 1 9 6 1 Hackware 11 | . . . . . . . . . . . . . . . . . 2 1 5 . . . 2 1 . . . . . Protection 31 | . . . 1 . 1 1 2 . . 1 . 2 . 2 1 2 . . 1 1 1 . 2 . 1 3 5 2 2 Artifact 2 | . . . . . . . . . . . . . . . . . . . . . . . . . 1 1 . . . Weapon 94 | 2 . . 7 . 3 . 4 5 . 1 4 1 . 2 6 1 2 . 3 . 8 2 4 10 4 6 11 5 3 Energy Gun 14 | . . . . . . . . 4 . . 1 1 . 1 . . . . . . . . 2 . . 2 . 2 1 Energy Cannon 33 | . . . . . . . 2 1 . . . . . . . . . . . . 6 1 1 6 2 4 7 2 1 Ballistic Gun 12 | 2 . . 4 . 1 . . . . . 1 . . . 1 . . . . . . . . 1 . . 1 1 . Ballistic Cannon 7 | . . . . . 2 . . . . . . . . . 1 . 1 . . . . . . 1 . . 1 . 1 Launcher 13 | . . . 3 . . . . . . 1 . . . 1 1 . . . 1 . . . 1 1 2 . 2 . . Special Weapon 4 | . . . . . . . . . . . . . . . 1 . . . 2 . . . . 1 . . . . . Impact Weapon . | . . . . . . . . . . . . . . . . . . . . . . . . . . . . . . Slashing Weapon 8 | . . . . . . . 2 . . . 2 . . . . 1 . . . . 2 1 . . . . . . . Piercing Weapon 2 | . . . . . . . . . . . . . . . 2 . . . . . . . . . . . . . . Special Melee Weapon 1 | . . . . . . . . . . . . . . . . . 1 . . . . . . . . . . . . Unidentified Prototypes 93 | . 1 . 1 . . . 1 2 . 2 2 7 . 3 7 2 . 1 4 . . 1 16 9 3 16 12 2 1 Corrupted Parts 7 | . . . . . . . . . . . 1 . . . . . . . 1 . . . 2 . . 3 . . . System Corruption 45 | . . . . . . . . . . . 10 . . . . . . . 4 . . . 16 . . 15 . . . Parts Lost 73 | . . 5 1 1 . 1 3 1 . . . 1 . . . . . . 4 . . . . . . 8 25 1 22 Power 17 | . . 2 . . . . . . . . . . . . . . . . 1 . . . . . . 1 6 . 7 Propulsion 17 | . . 2 . . . . 3 . . . . . . . . . . . 1 . . . . . . 3 3 . 5 Utility 30 | . . . . 1 . 1 . 1 . . . 1 . . . . . . 2 . . . . . . 2 13 1 8 Weapon 9 | . . 1 1 . . . . . . . . . . . . . . . . . . . . . . 2 3 . 2 Highest Loss Streak 9 | . . 5 6 1 . 1 2 1 . . . 1 . . . . . . 3 . . . . . . 3 5 1 9 To Critical Strikes 3 | . . . . . . . . . . . . . . . . . . . . . . . . . . . . . 3 Average Backups 18 | . 4 7 6 14 22 22 21 22 22 23 23 21 21 20 17 15 15 14 14 15 14 14 13 13 15 21 20 17 18 Power 1 | . 1 . . . 1 2 3 2 2 2 2 2 2 2 1 . . . . . . . . 1 1 . 1 2 1 Propulsion 2 | . . . . 3 3 4 2 2 3 2 1 . . . . . 1 . . . . 1 1 . . 1 4 . 1 Utility 6 | . 1 3 2 6 6 5 6 6 6 6 7 8 10 10 10 10 9 10 10 9 9 8 5 5 5 5 6 8 10 Weapon 6 | . 1 1 3 5 11 10 8 9 9 11 10 8 8 7 5 4 4 3 3 4 3 3 5 6 6 6 5 4 5 Tool/Special . | . . . . . . . . . . . . . . . . . . . . . . . . . . . . . . Unused Backups 125 | . . 2 3 . 13 1 3 6 4 1 3 3 . 6 4 2 1 1 1 1 4 2 1 5 5 9 23 7 14 Power 12 | . . . . . . . 1 2 . . . . . 1 . . . . . . 1 . . 1 . 2 1 3 . Propulsion 30 | . . . . . 2 . . 1 . . . 1 . 1 . . . . . . . . . . . . 18 2 5 Utility 46 | . . . 1 . 4 . 1 . 1 1 2 1 . 2 2 1 1 1 1 1 3 2 1 3 4 3 3 2 5 Weapon 31 | . . 1 2 . 7 1 1 3 2 . 1 1 . 2 2 1 . . . . . . . 1 . 2 . . 4 Tool/Special 6 | . . 1 . . . . . . 1 . . . . . . . . . . . . . . . 1 2 1 . . Average Slot Usage (%) 85 | . 100 98 82 91 87 95 91 90 91 91 84 85 83 82 75 71 76 80 80 93 86 84 88 88 83 87 83 74 80 Engine 2 | . 14 13 8 11 11 11 9 6 7 7 7 4 . 2 5 5 . . . . . . . . . . . . . Reactor 6 | . . . . . . . . . . . . 1 7 3 . . . . 1 5 4 4 12 13 12 12 11 8 11 Treads 12 | . 28 27 15 33 33 33 35 30 30 37 38 25 . . . . . . . . . . . . . 5 7 2 . Leg 8 | . . . 11 . . . . . . . . . . . . . . . 4 35 29 22 23 21 19 17 . 16 24 Hover 4 | . . . . . . . . . . . . 9 30 25 6 . . . . . . . . . . . 15 2 . Flight 1 | . . . 1 . . . . . . . . . . 10 18 18 20 21 19 . . . . . . . . . . Device 15 | . 19 14 17 11 10 15 13 16 14 7 7 7 7 3 3 5 9 11 7 14 14 15 22 23 24 23 19 14 15 Storage 5 | . 8 13 3 11 11 11 9 7 7 7 7 9 15 6 5 5 6 5 5 5 4 4 4 4 3 4 3 5 3 Processor 7 | . . . . . . . . 4 7 7 7 7 14 12 12 11 6 5 5 5 4 8 9 11 4 6 12 8 14 Hackware 1 | . . . . . . . . . . . . . . . . . 2 10 11 5 4 4 4 4 3 3 . . . Protection 5 | . . . 5 3 . 2 5 7 6 6 7 4 . 8 8 5 10 5 6 10 9 7 4 1 3 3 6 7 4 Energy Gun 2 | . . . . . . . . 12 14 14 1 6 7 1 . . . . . . . . . . . . . 5 1 Energy Cannon 3 | . . . . . . . 8 1 . . . . . . . . . . . . 3 3 2 7 7 6 7 . . Ballistic Gun 2 | . 28 27 19 21 12 . . . . . 1 4 . . . . . . . . . . . . . . . . . Peak Build Rating 270 | 9 19 21 31 31 23 38 43 59 52 62 56 72 71 85 120 118 118 124 126 128 164 159 172 191 214 218 247 258 270 Average Rating 148 | 5 11 19 25 29 21 31 39 49 50 51 51 57 70 74 102 114 113 119 116 123 141 155 164 187 196 209 221 240 250 On Entrance 94 | . 9 19 15 31 30 23 38 39 47 43 53 55 66 71 73 115 111 115 122 95 128 147 157 170 188 207 210 220 250 Avg Prop Armor Cover (%) 6 | . . . 14 . . . . . . . . 1 . 6 6 . . . 8 . . . . . . 1 . 7 . Naked Turns . | . . . . . . . . . . . . . . . . . . . . . . . . . . . . . . Heaviest Build 237 | 9 28 28 101 101 111 109 123 128 125 123 117 82 56 56 59 48 47 44 88 96 139 123 130 137 203 204 210 237 194 Greatest Support 285 | 40 40 40 69 69 69 69 92 80 108 108 108 108 56 56 56 48 48 52 110 165 210 210 208 208 208 280 285 280 202 Greatest Overweight (x) 2 | . . . 1 1 1 1 1 1 1 1 1 1 . . 2 . . 1 1 . 1 . . . . 1 2 1 1 Average Overweight (x) . | . . . . 1 1 1 . 1 . . . . . . . . . . . . . . . . . . . . . Largest Inventory Capacity 28 | 5 15 15 26 26 26 26 26 26 26 26 26 21 21 21 21 16 16 16 16 16 16 16 16 16 26 28 28 23 23 Average Capacity 21 | 5 9 14 13 26 26 26 25 26 26 26 24 21 21 21 17 16 16 16 16 16 16 16 16 16 20 27 25 20 23 Most Carried 28 | 2 7 9 13 20 26 26 26 26 26 26 26 21 21 21 21 16 16 16 16 16 16 16 16 16 26 28 28 23 23 Average Carried 20 | . 4 7 8 16 24 25 24 25 25 25 24 20 21 20 17 15 15 15 15 15 15 15 15 15 18 26 25 19 20 Final Capacity 28 | 5 15 5 26 26 26 26 26 26 26 26 21 21 21 21 16 16 16 16 16 16 16 16 16 16 26 28 23 23 23 Final Carried 26 | 2 6 5 13 20 26 26 25 26 26 26 21 21 21 21 16 16 16 16 16 16 16 16 16 16 25 25 23 19 20 Transmogrified Parts 1 | . . . . . . . . . . . . . . . . . . . 1 . . . . . . . . . . Class Distribution -------------------- 23% | Hauler-Mutant 20% | Scavenger-Mutant 14% | Alien-Mutant 13% | Mutant 12% | Generator-Mutant 4% | Alien-Gunner 3% | Scientist-Mutant 3% | Skirmisher Dominant Class ---------------- Mutant | -10/Materials Mutant | -10/Mines Scavenger-Mutant | -9/Materials Hauler-Mutant | -9/Mines Hauler-Mutant | -9/Exiles Hauler-Mutant | -8/Mines Scavenger-Mutant | -8/Materials Hauler-Mutant | -7/Factory Hauler-Mutant | -7/Lower Caves Hauler-Mutant | -7/Lower Caves Hauler-Mutant | -7/Zion Scavenger-Mutant | -7/Deep Caves Scavenger-Mutant | -6/Proximity Caves Mutant | -6/Factory Scavenger-Mutant | -6/Garrison Scavenger-Mutant | -6/Factory Scavenger-Mutant | -6/Garrison Scavenger-Sprinter | -5/Factory Scavenger-Sprinter | -5/Garrison Scavenger-Mutant | -4/Factory Scavenger-Mutant | -4/Garrison Scavenger-Mutant | -3/Research Mutant | -3/Testing Skirmisher | -2/Research Mutant | -2/Quarantine Scavenger-Mutant | -2/Section 7 Alien-Mutant | -1/Access Generator-Mutant | -1/Command Scavenger-Mutant | -1/Access_0 Resources | -11 -10 -10 -9 -9 -9 -8 -8 -7 -7 -7 -7 -7 -6 -6 -6 -6 -6 -5 -5 -4 -4 -3 -3 -2 -2 -2 -1 -1 -1 ----------- Run | Yrd Mat Min Mat Min Exi Min Mat Fac Low Low Zio Dee Pro Fac Gar Fac Gar Fac Gar Fac Gar Res Tes Res Qua Sec Acc Com Ac0 Matter Collected 19486 | 303 115 . 297 1388 800 194 929 294 102 434 377 236 10 143 772 237 208 112 1249 285 361 135 1090 509 1582 1707 1914 1674 2029 Remotely 25 | . . . . . . . . . . . . . . . . . . . . . . . . . . . 25 . . Salvage Created 36120 | 157 259 . 542 . . 100 835 450 386 375 604 216 . 149 605 290 690 197 692 293 1568 193 2167 1356 3586 4097 12594 2610 1109 Parts 1416 | 13 13 . 37 . . 4 55 19 25 17 42 11 . 16 39 13 30 8 33 13 68 5 96 60 167 194 331 65 42 Haulers Intercepted 11 | . . . 1 . . . 1 2 . 1 . . . . . . . 1 . . . . . . . . 5 . . Recyclers Shooed 8 | 1 1 . 2 . . 1 . . . . . . . . . . . . . . . . . . . . 2 1 . Parts Field Recycled . | . . . . . . . . . . . . . . . . . . . . . . . . . . . . . . Retrieved Matter . | . . . . . . . . . . . . . . . . . . . . . . . . . . . . . . Parts Self-Destructed 40 | . . . . . . . . . 27 13 . . . . . . . . . . . . . . . . . . . Prevented . | . . . . . . . . . . . . . . . . . . . . . . . . . . . . . . Parts Restored . | . . . . . . . . . . . . . . . . . . . . . . . . . . . . . . Kills | -11 -10 -10 -9 -9 -9 -8 -8 -7 -7 -7 -7 -7 -6 -6 -6 -6 -6 -5 -5 -4 -4 -3 -3 -2 -2 -2 -1 -1 -1 ------- Run | Yrd Mat Min Mat Min Exi Min Mat Fac Low Low Zio Dee Pro Fac Gar Fac Gar Fac Gar Fac Gar Res Tes Res Qua Sec Acc Com Ac0 Combat Hostiles Destroyed 518 | . 7 . 18 3 . 3 19 7 14 15 5 7 . 3 13 2 11 1 14 2 22 1 31 14 38 47 181 20 20 Melee 39 | . . . . . . . . . . . . . . . 6 . 11 1 7 2 10 . 1 . . . 1 . . Guns 71 | . 7 . 10 . . . . 6 13 7 5 7 . 3 1 . . . . . . . . . 2 2 2 . 6 Cannons 202 | . . . . . . 3 12 . . . . . . . . . . . . . 9 . 10 8 16 25 89 17 13 AOE 118 | . . . 8 3 . . 7 . . 7 . . . . 6 2 . . 7 . 2 . 12 . 2 4 58 . . Classes Destroyed 34 | 2 2 . 2 1 . . 3 4 2 2 2 1 . 1 3 . . . . . 2 . 1 . 2 2 2 . . Worker 16 | . . . . . . . 1 1 . . . . . . . 1 . 1 . . . 1 1 . 5 2 3 . . Builder 11 | . . . . . . . 1 . . . . . . 2 . . . 1 . . . . . . . 1 6 . . Tunneler 8 | 4 . . . . . . 1 . . . . . . . . . . . . 1 . 1 . . . . 1 . . Hauler 11 | . . . 1 . . . 1 2 . 1 . . . . . . . 1 . . . . . . . . 5 . . Recycler 18 | 1 . . . . . . 1 . . . . . . . . 2 . . . 1 . . . 1 3 . 7 2 . Carrier 8 | . . . . . . . . . . . . . . . . . . . . . . . . . . . 8 . . Mechanic 9 | . . . . . . . . . . . . . . . . . . . . . . . . . . . 9 . . Operator 3 | . . . . . . . . . . . . . . 1 . . . . . . . . . 1 . . . 1 . Drone 5 | . . . . . . . . . . 1 . . . . . . . 1 . . . . 1 . 1 . 1 . . Watcher 11 | . . . . . . . . 1 . . . . . . . . . 1 . . 1 1 . 2 . 2 3 . . Swarmer 55 | . 1 . 7 . . . 5 1 8 7 . . . 3 3 2 2 . 7 . . . . . . 5 4 . . Cutter 3 | . . . . . . . . . . . . . . . . . . . . . 3 . . . . . . . . Saboteur 12 | . . . . . . . . . . . . . . . . . . . . . . . . . . 1 11 . . Grunt 147 | . 6 . 6 . . 3 7 1 2 5 . . . . 5 . 3 . 4 1 2 . 9 . 9 9 70 5 . Brawler 21 | . . . . . . . . . . . . . . . 1 . . . . . 3 . 1 . 2 2 12 . . Duelist 14 | . . . . . . . . 1 1 . . . . . . . 1 . . 1 . . . . 1 1 8 . . Protector 8 | . . . . . . . . . . . . . . . . . . . . . . . . . . 1 7 . . Researcher 6 | . . . . . . . . . . . . . . . . . . . . . . . 3 . 2 1 . . . Sentry 42 | . . . 5 . . . 6 2 . . . . . . 1 . 5 . . . 3 1 1 5 3 6 2 2 . Specialist 16 | . . . . . . . . . 2 . . . . . . . . . . . . . 3 . 6 5 . . . Hunter 40 | . . . . . . . . 1 . 1 . . . . . . . . 1 . . . 11 2 3 2 19 . . Programmer 51 | . . . . . . . . 1 . . . . . . . . . . . . 1 . 6 7 2 5 24 5 . Heavy 4 | . . . . . . . 1 . . . . . . . . . . . . . . . . . . 1 2 . . Q-Series 5 | . . . . . . . . . . . . . . . . . . . . . . . . . 1 2 2 . . Behemoth 7 | . . . . . . . . . . 1 . . . . . . . . . . 1 . . . . 1 2 2 . Quarantine Guard 9 | . . . . . . . . . . . . . . . . . . . . . . . . . 9 . . . . S7 Guard 3 | . . . . . . . . . . . . . . . . . . . . . . . . . . 3 . . . M Guard 1 | . . . . . . . . . . . . . . . . . . . . . . . . . . . . 1 . Enhanced Grunt 7 | . . . . . . . . . . . . . . . . . . . . . . . . . . . . . 7 Enhanced Sentry 1 | . . . . . . . . . . . . . . . . . . . . . . . . . . . . . 1 Enhanced Hunter 8 | . . . . . . . . . . . . . . . . . . . . . . . . . . . . . 8 Combat Programmer 2 | . . . . . . . . . . . . . . . . . . . . . . . . . . . . 2 . Investigator 1 | . . . . . . . . . . . . . . . . . . . . . . . . . . . 1 . . Striker 12 | . . . . . . . . . . . . . . . 2 . . . . . . . . . . 1 9 . . Executioner 13 | . . . . . . . . . . . . . . . 1 . . . 2 . . . . . . 2 8 . . Fortress 1 | . . . . . . . . . . . . . . . . . . . . . . . . . 1 . . . . Protovariant Y 1 | . . . . . . . . . . . . . . . . . . . . . . . 1 . . . . . . Zionite 17 | . . . . . . . . . . . 17 . . . . . . . . . . . . . . . . . . Z-Light 4 | . . . . . . . . . . . . 4 . . . . . . . . . . . . . . . . . Thief 1 | . . . . . . . . . 1 . . . . . . . . . . . . . . . . . . . . Assembled 8 | . . . . 3 . . . . . . . 3 . . . . . . . . . . . . . . 2 . . Thug 4 | . . . . . . . . . . . . . . . . . . . . . 4 . . . . . . . . Butcher 3 | . . . . . . . . . . . . . . . . . . . . . 2 . . . . . . 1 . Fireman 3 | . . . . . . . . . . . . . . . . . . . . . 3 . . . . . . . . Mutant 5 | . . . . . . . . . . . 5 . . . . . . . . . . . . . . . . . . Best Kill Streak 48 | 3 2 . 4 3 . 3 6 3 4 6 17 4 . 3 6 4 3 1 7 2 5 1 8 3 10 9 48 10 3 Combat Bots Only 42 | . 2 . 4 3 . 3 5 2 4 5 4 4 . 3 6 2 3 1 7 1 5 1 8 3 5 8 42 9 3 Max Kills in Single Turn 6 | 1 1 . 3 1 . 1 1 2 2 4 2 1 . 1 2 1 1 1 6 1 1 1 3 1 1 3 5 1 1 Gunslinging 1 | . . . . . . . . . 1 . . . . . . . . . . . . . . . . . . . . Exploded 6 | . . . 3 1 . . 1 . . 4 . . . . 2 1 . . 6 . 1 . 3 . 1 1 3 . . Melee 1 | . . . . . . . . . . . . . . . 1 . 1 1 1 1 1 . 1 . . . 1 . . Uniques/NPCs Destroyed 7 | . . . . . . . . . . . 1 . . . . . . . . . . . . . . . . 2 4 Imprinter (-7/Zion) MAIN.C Shell (-1/Command) MAIN.C (-1/Command) A8 (-1/Access_0) A6 (-1/Access_0) A5 (-1/Access_0) Architect (-1/Access_0) Combat | -11 -10 -10 -9 -9 -9 -8 -8 -7 -7 -7 -7 -7 -6 -6 -6 -6 -6 -5 -5 -4 -4 -3 -3 -2 -2 -2 -1 -1 -1 -------- Run | Yrd Mat Min Mat Min Exi Min Mat Fac Low Low Zio Dee Pro Fac Gar Fac Gar Fac Gar Fac Gar Res Tes Res Qua Sec Acc Com Ac0 Hostile Shots Fired 4245 | . 35 18 67 5 . 22 112 38 52 75 66 46 . 12 149 6 168 13 96 12 137 2 261 59 249 425 1037 213 870 Missed 1613 | . 11 6 25 . . 2 40 15 12 25 26 15 . 9 102 3 95 7 42 5 45 1 119 19 115 166 320 65 323 Deflected 15 | . . . . . . . . . . . . . . . . . . . . . . . . . . . . . 15 Hits 2632 | . 24 12 42 5 . 20 72 23 40 50 40 31 . 3 47 3 73 6 54 7 92 1 142 40 134 259 717 148 547 Melee 69 | . . . . . . . . . 6 11 10 . . . . . 1 6 . . 10 . . . 1 1 20 . 3 Projectile 2563 | . 24 12 42 5 . 20 72 23 34 39 30 31 . 3 47 3 72 . 54 7 82 1 142 40 133 258 697 148 544 AOE 23 | . . 17 . . . . . . . . . . . . . . . . . . . . . 1 1 . 2 2 . Critical Strikes 156 | . . . 3 . . . 2 . . 1 4 . . 1 1 . 3 . 5 . 10 . 5 2 3 3 40 6 67 Actively Blocked 105 | . . . . . . . . . . . . . . . . . 1 . 1 . 5 . . . . 1 40 6 51 Part Disruptions 19 | . . . . . . . . . . . 2 . . . . . . . . . 3 . . 1 . . . 6 7 Actively Blocked 1 | . . . . . . . . . . . . . . . . . . . . . . . . . . . . 1 . Damage Taken 43489 | . 285 528 558 79 . 341 1207 171 447 634 822 803 . 51 579 62 832 13 1256 59 1043 11 1202 821 1728 4904 12384 4042 8627 Core 4130 | . 78 133 155 . . . 54 3 98 56 133 112 . . 83 . 169 2 451 8 44 . 41 . 43 345 979 318 825 Absorbed by Shields 18428 | . . . . . . . . 69 168 179 . . . . . . . . . 63 1002 11 979 351 1492 1756 2171 3196 6991 Reduced by Siege Mode 503 | . . . . . . . . . . . . . . . . . . . . . . . . . . 10 226 267 . Redirected to Shielding 768 | . . . . . . . . . . . . 30 . 18 . . 203 . 134 . 130 . . . . . . 114 139 Ignored by Resistances 2782 | . . . . . . . . . . . . . . . . . 18 . . . . . . . . 66 1126 . 1572 Regen/Repaired (Parts) 7122 | . . . . . . . . . . . 1 . . . . . . 31 . . . . . . . 280 4150 264 2396 Core Remaining (%) 53 | 100 . 11 . . . 28 84 . . . . . 4 . . . 49 . 30 . 93 . 95 . . 76 . . 19 Volleys Fired 1911 | 26 36 6 43 5 . 7 73 18 19 22 44 23 5 3 10 3 1 1 26 . 36 14 116 60 130 225 553 195 211 Largest 4 | 2 2 2 2 1 . 2 2 2 2 2 2 2 1 2 1 1 1 1 1 . 3 1 1 2 4 2 2 2 3 Hottest 485 | 40 40 40 46 33 . 66 160 160 160 160 113 113 60 120 60 43 58 58 58 . 315 120 120 240 485 240 240 300 300 Shots Fired 2508 | 52 72 12 69 5 . 14 82 35 39 41 85 39 5 5 10 3 1 1 26 . 45 14 115 97 193 317 560 309 262 Gun 758 | 52 72 12 64 . . . . 34 39 36 85 39 5 5 3 . . . . . . . 2 . 9 45 23 142 91 Cannon 1630 | . . . . . . 14 67 1 . . . . . . . . 1 1 1 . 41 14 92 96 174 256 534 167 171 Launcher 71 | . . . 5 5 . . 15 . . 5 . . . . 5 3 . . 2 . 4 . 7 . 4 13 3 . . Special 49 | . . . . . . . . . . . . . . . 2 . . . 23 . . . 14 1 6 3 . . . Kinetic 502 | 52 72 12 64 . . 14 . . . 5 45 16 . . 1 . 1 1 1 . . . . . 9 . . 58 151 Thermal 1672 | . . . . . . . 67 35 39 36 40 16 . . . . . . . . 41 10 50 85 128 235 534 251 105 Explosive 48 | . . . 5 5 . . 15 . . . . . . . 5 3 . . 2 . 4 . 7 . 2 . . . . Electromagnetic 149 | . . . . . . . . . . . . . . . . . . . . . . 4 44 11 48 34 2 . 6 Slashing 68 | . . . . . . . . . . . . . . . . . . . . . . . . . . 45 23 . . Phasic 19 | . . . . . . . . . . . . 7 5 5 2 . . . . . . . . . . . . . . Robot Hit Streak 61 | 7 18 5 7 . . 3 6 24 22 13 30 10 . 5 7 3 . . 8 . 20 8 14 21 20 52 25 61 27 Robot Miss Streak 5 | 3 3 1 5 1 . 2 3 3 2 2 2 2 . . 1 1 . . 3 . 3 . 4 4 3 4 5 3 4 Penetration Max 1 | . . . . . . . . . . . 1 1 . . . . . . . . . . . . . . 1 . 1 Secondary Targets 16 | . . . 1 . . . . . 3 2 7 . . 1 . . . . . . . . . . . . . . 2 Max Gunslinging Chain 1 | . . . 1 . . . . . 1 1 1 . . 1 . . . . . . . . . . . . . . 1 Capacitor 589 | . . . . . . . . . . . . . . . . . . . . . . . . . . 60 529 . . Shots Hit Robots 1802 | 28 54 9 41 . . 8 47 32 37 33 68 24 . 7 19 6 32 10 50 5 75 5 81 51 143 209 369 170 189 Core Hits 1079 | 10 16 5 25 6 . 6 42 27 33 39 41 21 . 6 20 6 12 3 18 5 39 4 62 20 76 126 272 59 80 Critical Kills 37 | . . . . . . . . 1 . . . 1 . . . . . . . . 1 . 1 1 6 4 17 3 2 Critical Parts Destroyed 13 | 2 1 . 1 . . . . . . . 1 . . . . . . . . . . . . . 1 . . 2 5 Critical Strikes 87 | 2 1 . 1 . . . . 1 . . 1 1 . . 2 . 4 . 4 . 4 . 4 1 8 5 17 12 19 Meltdown 33 | . . . . . . . . 1 . . . . . . . . . . . . 1 . 1 1 5 4 17 3 . Destroy 20 | 2 1 . 1 . . . . . . . 1 1 . . . . . . . . . . . . 2 . . 5 7 Blast 16 | . . . . . . . . . . . . . . . . . . . . . . . . . . . . 4 12 Corrupt 2 | . . . . . . . . . . . . . . . . . . . . . . . 1 . 1 . . . . Sever 5 | . . . . . . . . . . . . . . . 2 . 2 . . . . . . . . 1 . . . Impale 11 | . . . . . . . . . . . . . . . . . 2 . 4 . 3 . 2 . . . . . . Melee Attacks 285 | . . . . . . . 4 . . 1 1 . . 9 41 7 57 19 55 8 68 3 12 . . . . . . Impact . | . . . . . . . . . . . . . . . . . . . . . . . . . . . . . . Slashing 63 | . . . . . . . 4 . . 1 1 . . 9 18 . 30 . . . . . . . . . . . . Piercing 208 | . . . . . . . . . . . . . . . 23 7 15 17 55 8 68 3 12 . . . . . . Sneak Attacks 42 | . . . . . . . 4 . . 1 1 . . 2 9 3 9 5 . 2 1 1 4 . . . . . . Combat Hostiles 9 | . . . . . . . . . . 1 . . . . . . 6 1 . . . . 1 . . . . . . Follow-up Attacks 3 | . . . . . . . . . . . . . . . 3 . . . . . . . . . . . . . . Damage Inflicted 117365 | 212 438 81 1281 211 . 242 2404 832 894 1706 1575 711 . 331 1795 660 1841 597 2325 276 3639 308 6455 2334 7191 9019 43571 10671 15765 Guns 11835 | 212 432 71 601 . . . . 799 894 842 1513 711 . 132 23 . . . . . . . 25 . 274 1308 640 1221 2137 Cannons 67834 | . . . . . . 232 1264 28 . . . . . . . . . . 38 . 1152 138 2512 2330 6080 6311 24707 9450 13592 Explosions 28263 | . . . 680 211 . . 845 . . 800 . . . . 878 275 . . 431 . 655 . 3280 . 790 1393 18025 . . Melee 8987 | . . . . . . . 295 . . 64 62 . . 199 894 385 1841 597 1856 276 1803 77 638 . . . . . . Ramming 446 | . 6 10 . . . 10 . 5 . . . . . . . . . . . . 29 93 . 4 47 7 199 . 36 Kinetic 18612 | 212 432 71 601 . . 232 . . . 800 575 257 . . 23 . . . 38 . . . . . 274 . . 4261 10836 Thermal 73780 | . . . . . . . 1264 827 894 842 938 454 . . . . . . . . 1152 . 1211 1987 5176 5692 42146 6410 4787 Explosive 7329 | . . . 680 211 . . 845 . . . . . . . 878 275 . . 431 . 655 . 3280 . . . 74 . . Electromagnetic 5953 | . . . . . . . . . . . . . . . . . . . . . . 138 1326 343 1694 2012 334 . 106 Impact . | . . . . . . . . . . . . . . . . . . . . . . . . . . . . . . Slashing 4170 | . . . . . . . 295 . . 64 62 . . 199 339 . 1263 . . . . . . . . 1308 640 . . Piercing 6765 | . . . . . . . . . . . . . . . 555 385 578 597 1856 276 1803 77 638 . . . . . . Entropic 178 | . . . . . . . . . . . . . . . . . . . . . . . . . . . 178 . . Phasic 132 | . . . . . . . . . . . . . . 132 . . . . . . . . . . . . . . . Highest Corruption 28 | . 1 1 2 . . . . 3 8 7 10 1 1 5 5 . . 10 14 3 3 . 21 8 28 22 17 15 . Average Corruption 8 | . 1 1 2 . . . . 2 3 7 2 1 1 4 4 . . 10 12 3 2 . 2 5 11 17 12 12 . Corruption Purged 14 | . . . . . . . . . . . . . . . 5 . . . . . . . . . . . . 9 . Corruption Blocked . | . . . . . . . . . . . . . . . . . . . . . . . . . . . . . . Effects 570 | . . 5 . . . . . 4 22 29 6 3 . 12 4 . . 12 25 2 8 . 19 47 47 56 233 36 . Message Errors 132 | . . 1 . . . . . . 4 7 2 1 . 5 . . . 4 5 . 3 . 6 13 4 9 60 8 . Matter Fused 128 | . . . . . . . . 2 8 4 1 1 . 1 2 . . 4 7 . 1 . 5 6 9 14 53 10 . Heat Flow Errors 71 | . . 1 . . . . . 1 2 2 1 1 . . 1 . . 1 4 . . . 1 7 6 9 27 7 . Energy Discharges 59 | . . 1 . . . . . 1 4 4 . . . 1 . . . 1 3 1 . . 2 4 7 6 20 4 . Parts Rejected 7 | . . . . . . . . . . . . . . . . . . . 2 . 1 . . . 2 . 2 . . Parts Fused 4 | . . . . . . . . . . . . . . . . . . . . . . . 1 . . . 3 . . Data Loss (minor) 84 | . . 1 . . . . . . 3 6 1 . . 3 1 . . 2 1 . 2 . 3 10 6 8 31 6 . Data Loss (major) 27 | . . . . . . . . . 1 4 . . . 1 . . . . 2 1 . . . 3 3 2 9 1 . Misfires 24 | . . . . . . . . . . 1 1 . . . . . . . . . 1 . . 3 3 3 12 . . Alerts 7 | . . 1 . . . . . . . 1 . . . . . . . . . . . . . 1 . . 4 . . Misdirections 2 | . . . . . . . . . . . . . . . . . . . 1 . . . . . . . 1 . . Weapon Failures 25 | . . . . . . . . . . . . . . 1 . . . . . . . . 1 . 7 5 11 . . Overload Shots . | . . . . . . . . . . . . . . . . . . . . . . . . . . . . . . Overflow Damage 6240 | . . . 21 . . . 106 . . 34 . . . . 38 150 191 186 80 . 212 83 315 73 236 155 3097 475 788 Projectiles 3447 | . . . . . . . 43 . . . . . . . . . . . . . . . 144 73 224 155 1545 475 788 Explosions 1723 | . . . 21 . . . 1 . . . . . . . 27 16 . . 18 . 38 . 66 . 8 . 1528 . . Melee 1070 | . . . . . . . 62 . . 34 . . . . 11 134 191 186 62 . 174 83 105 . 4 . 24 . . Knockbacks 93 | . . . . . . 5 . . . . . . . . . . . . 1 . . 1 . . . . . 15 71 Impact 2 | . . . . . . . . . . . . . . . . . . . . . . 1 . . . . . . 1 Kinetic 88 | . . . . . . 5 . . . . . . . . . . . . 1 . . . . . . . . 15 67 Secondary 3 | . . . . . . . . . . . . . . . . . . . . . . . . . . . . . 3 Self-Inflicted Damage 371 | . . . 9 . . . . . . . . . . . 52 . . . . . 19 . 12 . 52 108 119 . . Shots 14 | . . . 1 . . . . . . . . . . . 1 . . . . . 1 . 1 . 2 5 3 . . Rammed 21 | . 2 1 . . . 2 . 1 . . . . . . . . . . . . . . . . . 1 14 . . Targets Rammed 33 | . 2 1 . . . 2 . 1 . . . . . . . . . . . . 2 5 . 1 2 1 15 . 1 Kicked 11 | . . . . . . . . . . . . . . . . . . . . . 2 5 . 1 2 . . . 1 Crushed 1 | . . . . . . . . . . . . . . . . . . . . . . . . . . . 1 . . Highest Temperature 360 | . 12 . 43 . . 57 320 235 267 267 229 229 . . 142 48 36 287 284 . 221 186 360 219 245 319 253 253 233 Average Temperature 195 | . 6 . 15 . . 39 76 84 110 89 59 99 . . 47 22 9 73 58 . 67 72 71 80 56 115 239 156 71 Received Heat Transfer 4064 | . 144 . 195 . . 180 234 28 6 102 207 234 . . 225 . 252 . 153 10 400 . 39 34 64 310 1081 127 39 Thermoelectric Energy+ 252221 | . . . . . . . . . . . . . . . . . . . . . . . . . . . 247820 3627 774 Effects 155 | . . . . . . . . . . . . . . . . . . . . . . . 5 1 . 3 124 22 . Energy Bleed 70 | . . . . . . . . . . . . . . . . . . . . . . . . 1 . . 63 6 . Interference 85 | . . . . . . . . . . . . . . . . . . . . . . . 5 . . 3 61 16 . Siege Activations 11 | . . . . . . . . . . . . . . . . . . . . . . . . . . 1 8 2 . Total Turns 670 | . . . . . . . . . . . . . . . . . . . . . . . . . . 41 554 75 . Longest Duration 394 | . . . . . . . . . . . . . . . . . . . . . . . . . . 41 394 60 . Martial Activations . | . . . . . . . . . . . . . . . . . . . . . . . . . . . . . . Shielding Activations 2 | . . . . . . . . . . . . . . . . . . . . . . . . . . . . . 2 Total Turns 55 | . . . . . . . . . . . . . . . . . . . . . . . . . . . . . 55 Longest Duration 29 | . . . . . . . . . . . . . . . . . . . . . . . . . . . . . 29 Robots Disrupted 3 | . . . . . . . . . . . . . . . . . . . . . . . 1 . . 2 . . . Combat Hostiles 3 | . . . . . . . . . . . . . . . . . . . . . . . 1 . . 2 . . . Robots Corrupted 40 | . . . . . . . . . . . . . . . . . . . . . . 3 8 2 13 12 1 . 1 Combat Hostiles 37 | . . . . . . . . . . . . . . . . . . . . . . 1 7 2 13 12 1 . 1 Parts Fried 79 | . . . . . . . . . . . . . . . . . . . . . . 3 16 5 23 20 6 . 6 Impact Corruptions 5 | . . . . . . . . . . . . . . . . . . . . . . 2 . . 1 . 2 . . Robots Melted 63 | . . . . . . . . 1 1 1 . . . . . . . . . . 1 . 1 4 7 4 40 3 . Combat Hostiles 48 | . . . . . . . . 1 1 1 . . . . . . . . . . 1 . 1 4 4 4 29 2 . Parts Melted 178 | . . . . . . . 4 5 3 1 2 2 . . . . . . . 1 1 . 4 25 17 10 94 9 . Heat Transferred 60216 | . . . . . . . 1702 1787 2025 1850 2125 1025 . . . . . . . . 1110 . 925 1554 3776 5064 32221 3132 1920 Parts Sabotaged . | . . . . . . . . . . . . . . . . . . . . . . . . . . . . . . Parts Stolen 4 | . . . . . . . . . 1 1 . . . . . . . 1 . . . . . . . . 1 . . Parts Stripped . | . . . . . . . . . . . . . . . . . . . . . . . . . . . . . . Power Chain Reactions 3 | . . . . . . . . . . . . . . . . . . . . . . . . . 1 2 . . . Alert | -11 -10 -10 -9 -9 -9 -8 -8 -7 -7 -7 -7 -7 -6 -6 -6 -6 -6 -5 -5 -4 -4 -3 -3 -2 -2 -2 -1 -1 -1 ------- Run | Yrd Mat Min Mat Min Exi Min Mat Fac Low Low Zio Dee Pro Fac Gar Fac Gar Fac Gar Fac Gar Res Tes Res Qua Sec Acc Com Ac0 Maximum Alert Level 5 | . . . 2 . . . 2 . . . . . . . 2 1 3 2 3 2 3 2 3 2 3 4 5 5 . Low Security (%) 19 | 100 100 100 10 100 . 100 80 100 . . . . . 100 70 . . . . . . . 9 47 . . . . . Level 1 11 | . . . 62 . . . 10 . . . . . . . 17 100 23 . 11 . 7 50 34 47 8 8 . . . Level 2 19 | . . . 27 . . . 8 . . . . . . . 11 . 53 100 25 100 51 49 35 5 82 52 . . . Level 3 9 | . . . . . . . . . . . . . . . . . 22 . 63 . 41 . 20 . 8 31 9 . . Level 4 . | . . . . . . . . . . . . . . . . . . . . . . . . . . 8 1 . . Level 5 16 | . . . . . . . . . . . . . . . . . . . . . . . . . . . 6 100 . High Security 21 | . . . . . . . . . . . . . . . . . . . . . . . . . . . 82 . . Max Security . | . . . . . . . . . . . . . . . . . . . . . . . . . . . . . . Sterilizations 3 | . . . 1 . . . . . . . . . . . . . . . . . . . . 1 . . 1 . . Peak Influence 6698 | 10 100 32 443 159 . 80 437 187 . . . . . 119 520 382 990 529 973 510 936 528 755 602 835 1342 6698 4296 . Initial 4286 | . . 32 . 159 . . 7 187 . . . . . . . 273 236 519 333 510 290 526 176 412 338 351 801 4286 . Average 1842 | 1 28 2 310 45 . 23 144 115 . . . . . 47 151 322 556 506 729 464 658 406 473 228 574 704 5051 4238 . Influence Increases 20546 | 25 240 . 688 26 . 100 871 235 290 390 . . . 220 520 165 834 118 860 55 646 82 1668 1044 1594 1793 6961 480 641 Destroy 0b10 Robot/C 10320 | . 140 . 360 . . 60 420 140 260 300 . . . 60 260 40 320 20 400 40 440 20 900 300 840 1000 3800 200 . Destroy 0b10 Robot/NC 510 | 25 . . 5 . . . 30 20 . 5 . . . 15 . 15 5 20 5 10 10 15 15 20 40 30 215 10 . Destroy Leader 1612 | . 30 . 52 . . 10 122 66 30 40 . . . 10 20 10 20 4 30 . 10 12 110 94 130 174 608 30 . Allied During Kill 784 | . . . . . . . 21 . . . . . . . . . 16 . 44 1 . . 293 . 88 30 281 10 . Successful Hack 138 | . 10 . . . . . 8 9 . . . . . 26 14 . 14 . 14 . 14 . 14 . 7 4 . 4 . Select Force Hacks 60 | . . . . . . . . . . . . . . . . . . 30 . . . . . . . . 30 . . Disable Machine 1200 | . . . 15 . . 30 15 . . . . . . 30 15 60 15 . . . . 15 180 30 180 315 180 75 45 Anti-Garrison Action 500 | . . . . . . . . . . . . . . . 100 . 50 . 250 . 100 . . . . . . . . Destroy Structure 2953 | . . . 34 26 . . 77 . . . . . . 4 66 10 19 14 57 4 72 20 156 117 309 195 1026 151 596 Partial Spotted 120 | . . . . . . . . . . . . . . . . 30 75 15 . . . . . . . . . . . Lose Combat Pursuer 915 | . 60 . 120 . . . . . . 45 . . . 75 45 . 300 15 60 . . . . 15 . 45 135 . . Miscellaneous 1434 | . . . 102 . . . 178 . . . . . . . . . . . . . . . . 468 . . 686 . . Influence Decreases 20125 | 25 156 84 278 436 . 80 478 546 354 413 15 . . 219 1 347 182 631 364 613 125 704 1248 1176 1570 1083 1599 2762 4636 Entered New Map 10929 | . . 52 . 251 . . 13 226 39 8 15 . . . 1 247 102 471 144 463 125 410 138 322 264 275 535 2412 4416 Time Decay 6166 | 25 156 32 278 175 . 70 405 310 315 405 . . . 219 . 100 . 160 . 130 . 294 530 644 616 628 494 180 . Lost Part 650 | . . . . 10 . 10 20 10 . . . . . . . . . . 40 . . . . . . 80 250 10 220 Lost Ally 1080 | . . . . . . . 40 . . . . . . . . . 80 . 180 20 . . 80 60 40 100 320 160 . Purge Threat 1300 | . . . . . . . . . . . . . . . . . . . . . . . 500 150 650 . . . . Squads Dispatched 105 | . 4 . 1 . . . 3 2 . . . . . 4 . 1 . 3 . 4 . 2 11 2 9 12 45 2 . Investigation 12 | . 2 . . . . . 1 . . . . . . 2 . . . 2 . 1 . . . . 2 1 1 . . Extermination 20 | . . . . . . . . 1 . . . . . 1 . 1 . 1 . . . 1 4 2 1 5 3 . . Reinforcement 23 | . 2 . 1 . . . 2 1 . . . . . 1 . . . . . . . . 7 . 2 2 5 . . Assault 47 | . . . . . . . . . . . . . . . . . . . . 3 . 1 . . 1 4 36 2 . Garrison 3 | . . . . . . . . . . . . . . . . . . . . . . . . . 3 . . . . Intercept . | . . . . . . . . . . . . . . . . . . . . . . . . . . . . . . Searches Triggered . | . . . . . . . . . . . . . . . . . . . . . . . . . . . . . . Construction Impeded 4 | . . . . . . . 1 . . . . . . . . . . . . . . . . . . . 3 . . Haulers Reinforced 1 | . . . . . . . . . . . . . . . . . . . . . . . . . . . 1 . . Active Scanning Responses . | . . . . . . . . . . . . . . . . . . . . . . . . . . . . . . Cargo Convoy Interrupts 1 | . . . . . . . . . . . . . . . . . . . . . . . . 1 . . . . . Stealth | -11 -10 -10 -9 -9 -9 -8 -8 -7 -7 -7 -7 -7 -6 -6 -6 -6 -6 -5 -5 -4 -4 -3 -3 -2 -2 -2 -1 -1 -1 --------- Run | Yrd Mat Min Mat Min Exi Min Mat Fac Low Low Zio Dee Pro Fac Gar Fac Gar Fac Gar Fac Gar Res Tes Res Qua Sec Acc Com Ac0 Distress Signals 41 | . 1 . 2 . . . 2 . . . . . . 1 . . 2 . . 1 . . . . 1 1 3 27 . Communications Jammed 225 | . . . . . . . . . . . . . . . . . . . . . 3 . 110 . 27 61 24 . . Distress Signals 221 | . . . . . . . . . . . . . . . . . . . . . 3 . 110 . 27 57 24 . . Times Spotted 852 | . 12 1 28 3 . 3 24 8 19 16 26 17 . 11 17 3 41 6 28 10 24 4 52 21 59 73 259 29 58 Peak Tracking Total 13 | . 5 1 7 3 . 3 6 2 4 5 4 7 . 4 6 2 10 3 11 4 5 1 9 3 7 8 13 4 7 Tactical Retreats 38 | . 1 . 3 . . . . . . 3 . 2 . 2 2 . 9 1 3 . . . . 1 . 3 6 . 2 Traps | -11 -10 -10 -9 -9 -9 -8 -8 -7 -7 -7 -7 -7 -6 -6 -6 -6 -6 -5 -5 -4 -4 -3 -3 -2 -2 -2 -1 -1 -1 ------- Run | Yrd Mat Min Mat Min Exi Min Mat Fac Low Low Zio Dee Pro Fac Gar Fac Gar Fac Gar Fac Gar Res Tes Res Qua Sec Acc Com Ac0 Traps Triggered 28 | . 3 . . . . . . . . . . . . . . . 1 1 4 3 2 3 . 4 . . 4 3 . Indirectly . | . . . . . . . . . . . . . . . . . . . . . . . . . . . . . . Trap Hack Attempts . | . . . . . . . . . . . . . . . . . . . . . . . . . . . . . . Triggered . | . . . . . . . . . . . . . . . . . . . . . . . . . . . . . . Disarmed . | . . . . . . . . . . . . . . . . . . . . . . . . . . . . . . Reprogrammed . | . . . . . . . . . . . . . . . . . . . . . . . . . . . . . . Reused . | . . . . . . . . . . . . . . . . . . . . . . . . . . . . . . Traps Extracted . | . . . . . . . . . . . . . . . . . . . . . . . . . . . . . . Installed . | . . . . . . . . . . . . . . . . . . . . . . . . . . . . . . Triggered . | . . . . . . . . . . . . . . . . . . . . . . . . . . . . . . Machines | -11 -10 -10 -9 -9 -9 -8 -8 -7 -7 -7 -7 -7 -6 -6 -6 -6 -6 -5 -5 -4 -4 -3 -3 -2 -2 -2 -1 -1 -1 ---------- Run | Yrd Mat Min Mat Min Exi Min Mat Fac Low Low Zio Dee Pro Fac Gar Fac Gar Fac Gar Fac Gar Res Tes Res Qua Sec Acc Com Ac0 Machines Disabled 107 | . . . 1 . . 2 1 . . . . . 1 2 5 4 2 . 6 . 2 1 12 4 13 26 17 5 3 Max in Single Turn 3 | . . . 1 . . 1 1 . . . . . 1 1 1 2 1 . 1 . 1 1 2 1 1 3 2 1 1 Garrison Access 2 | . . . . . . . . . . . . . . . . . . . . . . . 1 . . 1 . . . Garrison Relay 10 | . . . . . . . . . . . . . . . 2 . 1 . 5 . 2 . . . . . . . . Phase Generator 1 | . . . . . . . . . . . . . . . . . 1 . . . . . . . . . . . . Energy Cycler 2 | . . . . . . . . . . . . . . . . . . . . . . . . . . . 2 . . Machines Repaired . | . . . . . . . . . . . . . . . . . . . . . . . . . . . . . . Machines Dismantled . | . . . . . . . . . . . . . . . . . . . . . . . . . . . . . . Machines Sabotaged . | . . . . . . . . . . . . . . . . . . . . . . . . . . . . . . Overloaded Fab Kills . | . . . . . . . . . . . . . . . . . . . . . . . . . . . . . . Hacking | -11 -10 -10 -9 -9 -9 -8 -8 -7 -7 -7 -7 -7 -6 -6 -6 -6 -6 -5 -5 -4 -4 -3 -3 -2 -2 -2 -1 -1 -1 --------- Run | Yrd Mat Min Mat Min Exi Min Mat Fac Low Low Zio Dee Pro Fac Gar Fac Gar Fac Gar Fac Gar Res Tes Res Qua Sec Acc Com Ac0 Machines Accessed 66 | . 5 1 3 . 1 . 2 2 1 1 . . . 7 1 2 2 5 3 2 2 2 5 4 7 5 2 1 . Terminals 44 | . 5 . 2 . . . 2 1 . 1 . . . 4 1 1 2 1 3 1 2 1 3 3 5 4 1 1 . Fabricators 4 | . . . . . . . . . . . . . . 1 . . . 1 . . . 1 . 1 . . . . . Repair Stations 1 | . . . . . . . . . . . . . . . . . . 1 . . . . . . . . . . . Recycling Units . | . . . . . . . . . . . . . . . . . . . . . . . . . . . . . . Scanalyzers 7 | . . . 1 . . . . 1 . . . . . 1 . . . . . . . . 1 . 2 1 . . . Garrison Access 7 | . . . . . . . . . . . . . . 1 . 1 . 2 . 1 . . 1 . . . 1 . . Total Hacks 132 | . 10 1 6 . 2 . 4 6 1 2 . . . 17 2 3 3 7 6 6 4 2 11 6 20 8 3 2 . Successful 61 | . 5 1 2 . 2 . 1 5 1 2 . . . 5 1 2 2 4 3 2 1 . 5 2 11 2 1 1 . Failed 69 | . 5 . 4 . . . 3 . . . . . . 12 1 1 1 3 3 4 3 2 6 4 8 6 2 1 . Catastrophic 17 | . . . 1 . . . 2 . . . . . . 2 . . . 1 . 1 . 1 1 1 5 2 . . . Database Lockouts 2 | . . . . . . . . 1 . . . . . . . . . . . . . . . . 1 . . . . Manual 46 | . 1 . 2 . . . 4 . . . 5 . . 4 2 . 1 4 . 4 1 1 4 1 7 4 1 . . Terminals 84 | . 10 . 4 . . . 4 1 . 2 . . . 10 2 2 3 1 6 3 4 1 7 4 9 7 2 2 . Fabricators 7 | . . . . . . . . . . . . . . 3 . . . 1 . . . 1 . 2 . . . . . Repair Stations 1 | . . . . . . . . . . . . . . . . . . 1 . . . . . . . . . . . Recycling Units . | . . . . . . . . . . . . . . . . . . . . . . . . . . . . . . Scanalyzers 23 | . . . 2 . . . . 5 . . . . . 2 . . . . . . . . 2 . 11 1 . . . Garrison Access 13 | . . . . . . . . . . . . . . 2 . 1 . 4 . 3 . . 2 . . . 1 . . Terminal Hacks 27 | . 5 1 . . 2 . 1 1 1 2 . . . 1 . 1 2 . 3 . 1 . 1 . 2 2 . 1 . Record 4 | . . . . . 2 . . . . 2 . . . . . . . . . . . . . . . . . . . Prototype ID Bank 3 | . 2 . . . . . . . . . . . . 1 . . . . . . . . . . . . . . . Open Door 7 | . . 1 . . . . . . 1 . . . . . . . . . 1 . . . . . 1 2 . 1 . Branch Access Points 2 | . . . . . . . 1 1 . . . . . . . . . . . . . . . . . . . . . Emergency Access Points 3 | . 1 . . . . . . . . . . . . . . . . . 1 . 1 . . . . . . . . Unreport Threat 1 | . . . . . . . . . . . . . . . . . . . . . . . . . 1 . . . . Locate Traps 1 | . 1 . . . . . . . . . . . . . . . . . . . . . . . . . . . . Hauler Manifests 3 | . 1 . . . . . . . . . . . . . . 1 . . . . . . 1 . . . . . . Garrison Registry 1 | . . . . . . . . . . . . . . . . . 1 . . . . . . . . . . . . Patrol Navigation 1 | . . . . . . . . . . . . . . . . . 1 . . . . . . . . . . . . Security Stations 1 | . . . . . . . . . . . . . . . . . . . 1 . . . . . . . . . . Fabricator Hacks 2 | . . . . . . . . . . . . . . 1 . . . . . . . . . 1 . . . . . Network Status 1 | . . . . . . . . . . . . . . . . . . . . . . . . 1 . . . . . Build 1 | . . . . . . . . . . . . . . 1 . . . . . . . . . . . . . . . Repair Station Hacks . | . . . . . . . . . . . . . . . . . . . . . . . . . . . . . . Recycling Unit Hacks . | . . . . . . . . . . . . . . . . . . . . . . . . . . . . . . Scanalyzer 18 | . . . 2 . . . . 4 . . . . . 1 . . . . . . . . 2 . 9 . . . . Insert Component 5 | . . . . . . . . 1 . . . . . . . . . . . . . . . . 4 . . . . Analyze 1 | . . . . . . . . 1 . . . . . . . . . . . . . . . . . . . . . Retrieve Study 12 | . . . 2 . . . . 2 . . . . . 1 . . . . . . . . 2 . 5 . . . . Garrison Access Hacks 8 | . . . . . . . . . . . . . . 1 . 1 . 2 . 2 . . 2 . . . . . . Unlock Access 4 | . . . . . . . . . . . . . . 1 . 1 . 1 . 1 . . . . . . . . . Seal Access 1 | . . . . . . . . . . . . . . . . . . . . . . . 1 . . . . . . Coupler Status 3 | . . . . . . . . . . . . . . . . . . 1 . 1 . . 1 . . . . . . Unauthorized Hacks 6 | . . . . . . . . . . . . . . 1 1 . . 2 . . . . . 1 . . 1 . . Terminals 2 | . . . . . . . . . . . . . . 1 1 . . . . . . . . . . . . . . Assimilate 1 | . . . . . . . . . . . . . . 1 . . . . . . . . . . . . . . . Botnet 1 | . . . . . . . . . . . . . . . 1 . . . . . . . . . . . . . . Fabricators 1 | . . . . . . . . . . . . . . . . . . . . . . . . 1 . . . . . Liberate 1 | . . . . . . . . . . . . . . . . . . . . . . . . 1 . . . . . Repair Stations 1 | . . . . . . . . . . . . . . . . . . 1 . . . . . . . . . . . Patch 1 | . . . . . . . . . . . . . . . . . . 1 . . . . . . . . . . . Recycling Units . | . . . . . . . . . . . . . . . . . . . . . . . . . . . . . . Scanalyzers . | . . . . . . . . . . . . . . . . . . . . . . . . . . . . . . Garrison Access 2 | . . . . . . . . . . . . . . . . . . 1 . . . . . . . . 1 . . Eject 2 | . . . . . . . . . . . . . . . . . . 1 . . . . . . . . 1 . . Data Cores Recovered 1 | . . . . . . . . . . . . . . 1 . . . . . . . . . . . . . . . Used . | . . . . . . . . . . . . . . . . . . . . . . . . . . . . . . Hacking Detections 52 | . 4 . 3 . . . 2 2 . . . . . 5 1 2 2 3 3 2 2 2 5 3 6 3 1 1 . Full Trace Events 5 | . . . . . . . 1 . . . . . . 2 . . . . . 1 . . . . 1 . . . . Feedback Events 1 | . . . . . . . . . . . . . . 1 . . . . . . . . . . . . . . . Corruption 1 | . . . . . . . . . . . . . . 1 . . . . . . . . . . . . . . . Feedback Blocked . | . . . . . . . . . . . . . . . . . . . . . . . . . . . . . . Robot Schematics Acquired 4 | . . . . . . . . . . . . . . . . . . . . . . . 1 . 3 . . . . Robots Built . | . . . . . . . . . . . . . . . . . . . . . . . . . . . . . . Authchips . | . . . . . . . . . . . . . . . . . . . . . . . . . . . . . . Time . | . . . . . . . . . . . . . . . . . . . . . . . . . . . . . . Total Robot Build Rating . | . . . . . . . . . . . . . . . . . . . . . . . . . . . . . . Part Schematics Acquired 8 | . . . . . . . . 1 . . . . . . . . . . . . . . 4 . 3 . . . . Parts Built 2 | . . . . . . . . . . . . . . 2 . . . . . . . . . . . . . . . Authchips . | . . . . . . . . . . . . . . . . . . . . . . . . . . . . . . Time 106 | . . . . . . . . . . . . . . 106 . . . . . . . . . . . . . . . Total Part Build Rating 12 | . . . . . . . . . . . . . . 12 . . . . . . . . . . . . . . . Part Studies Acquired 12 | . . . 2 . . . . 2 . . . . . 1 . . . . . . . . 2 . 5 . . . . Parts Repaired . | . . . . . . . . . . . . . . . . . . . . . . . . . . . . . . Time . | . . . . . . . . . . . . . . . . . . . . . . . . . . . . . . Parts Recycled . | . . . . . . . . . . . . . . . . . . . . . . . . . . . . . . Recycled Matter . | . . . . . . . . . . . . . . . . . . . . . . . . . . . . . . Retrieved Matter . | . . . . . . . . . . . . . . . . . . . . . . . . . . . . . . Retrieved Components . | . . . . . . . . . . . . . . . . . . . . . . . . . . . . . . Parts Scanalyzed 1 | . . . . . . . . 1 . . . . . . . . . . . . . . . . . . . . . Part Schematics Acquired 1 | . . . . . . . . 1 . . . . . . . . . . . . . . . . . . . . . Parts Damaged . | . . . . . . . . . . . . . . . . . . . . . . . . . . . . . . Bothacking | -11 -10 -10 -9 -9 -9 -8 -8 -7 -7 -7 -7 -7 -6 -6 -6 -6 -6 -5 -5 -4 -4 -3 -3 -2 -2 -2 -1 -1 -1 ------------ Run | Yrd Mat Min Mat Min Exi Min Mat Fac Low Low Zio Dee Pro Fac Gar Fac Gar Fac Gar Fac Gar Res Tes Res Qua Sec Acc Com Ac0 Used RIF Installer 4 | . . . . . . . . . . . . . . . 1 . 1 . 1 . 1 . . . . . . . . Coupler Efficiency 1 | . . . . . . . . . . . . . . . . . . . 1 . . . . . . . . . . Command Fork 1 | . . . . . . . . . . . . . . . . . . . . . 1 . . . . . . . . Watcher Feeds 1 | . . . . . . . . . . . . . . . . . 1 . . . . . . . . . . . . Crosswire 1 | . . . . . . . . . . . . . . . . 1 . . . . . . . . . . . . . Robots Hacked 28 | . . . . . . . . . . . . . . . . . 6 1 11 . . . 6 1 1 2 . . . Non-combat 5 | . . . . . . . . . . . . . . . . . . . . . . . 3 1 1 . . . . Combat 23 | . . . . . . . . . . . . . . . . . 6 1 11 . . . 3 . . 2 . . . Robot Hacks Applied 38 | . . . . . . . . . . . . . . . . . 6 1 12 . . . 9 1 6 3 . . . parse_system 3 | . . . . . . . . . . . . . . . . . . . 1 . . . 1 . . 1 . . . purge_threat 11 | . . . . . . . . . . . . . . . . . . . . . . . 5 1 5 . . . . block_reporting 1 | . . . . . . . . . . . . . . . . . . . . . . . . . 1 . . . . disable_scanner 1 | . . . . . . . . . . . . . . . . . . . . . . . 1 . . . . . . report_prototypes 1 | . . . . . . . . . . . . . . . . . . . . . . . . . . 1 . . . scatter_targeting 1 | . . . . . . . . . . . . . . . . . . . 1 . . . . . . . . . . overload_power 1 | . . . . . . . . . . . . . . . . . . . 1 . . . . . . . . . . formatsys_high 18 | . . . . . . . . . . . . . . . . . 6 1 9 . . . 2 . . . . . . formatsys_deep 1 | . . . . . . . . . . . . . . . . . . . . . . . . . . 1 . . . Relay Couplers Released 60 | . . . . . . . . . . . . . . . 9 . 4 3 25 . 10 . 2 . . 3 4 . . Ejected 7 | . . . . . . . . . . . . . . . . . . 3 . . . . . . . . 4 . . Machine Destruction 47 | . . . . . . . . . . . . . . . 9 . 4 . 22 . 7 . 2 . . 3 . . . Programmers 6 | . . . . . . . . . . . . . . . . . . . 3 . 3 . . . . . . . . Attached 10 | . . . . . . . . . . . . . . . . . 2 1 5 . . . 1 1 . . . . . Crosswired 16 | . . . . . . . . . . . . . . . . . 1 3 7 . 3 . 1 . . 1 . . . Fabnet Peak Effective % . | . . . . . . . . . . . . . . . . . . . . . . . . . . . . . . Robots Rewired 1 | . . . . . . . . . . . . . . . . . . . . . . . 1 . . . . . . Allies Hacked 3 | . . . . . . . . . . . . . . . . . . . . . . . 2 1 . . . . . Hacks Repelled . | . . . . . . . . . . . . . . . . . . . . . . . . . . . . . . Allies | -11 -10 -10 -9 -9 -9 -8 -8 -7 -7 -7 -7 -7 -6 -6 -6 -6 -6 -5 -5 -4 -4 -3 -3 -2 -2 -2 -1 -1 -1 -------- Run | Yrd Mat Min Mat Min Exi Min Mat Fac Low Low Zio Dee Pro Fac Gar Fac Gar Fac Gar Fac Gar Res Tes Res Qua Sec Acc Com Ac0 Total Allies 131 | . . 3 . . . . 2 . 1 . 2 . . . . . 6 1 9 . . . 9 3 5 7 71 9 3 Largest Group 8 | . . 3 . . . . 2 . 1 . 2 2 . . . . 3 1 5 1 . . 7 3 5 5 8 4 3 Highest-Rated Group 549 | . . 40 . . . . 20 . 79 . 192 178 . . . . 103 54 155 29 . . 421 174 312 150 549 438 357 Highest-Rated Ally 219 | . . 16 . . . . 10 . 79 . 96 96 . . . . 37 54 83 29 . . 164 58 64 110 183 219 119 Total Orders . | . . . . . . . . . . . . . . . . . . . . . . . . . . . . . . Ally Attacks 389 | . . . . . . . 8 . 3 . 5 9 . . . . 23 . 49 10 . . 61 4 13 18 117 43 26 Total Damage 10924 | . . . . . . . 149 . 105 . 120 233 . . . . 516 . 1080 135 . . 1821 145 565 478 3382 1443 752 Kills 48 | . . . . . . . 2 . . . 2 2 . . . . 6 . 6 . . . 12 1 2 3 10 2 . Allies Corrupted 6 | . . . . . . . . . . . . . . . . . . . . . . . 3 2 . 1 . . . Allies Melted . | . . . . . . . . . . . . . . . . . . . . . . . . . . . . . . X0-1V1 Amusement Gains 639 | . 2 . 74 39 . . 5 . . 25 91 . . . . . . . 11 75 . . 20 . 100 40 57 50 50 Average Entertainment 43 | . 2 1 34 90 . 22 14 7 2 5 95 . 24 16 13 13 13 13 14 48 92 78 51 26 81 71 57 49 37 Good Acts 272 | . . 2 10 2 . 1 3 4 18 5 1 . . 7 6 5 7 1 10 3 5 3 2 24 33 22 64 14 20 Bad Acts 228 | . . . 5 . . 3 5 1 18 7 . . . 5 2 1 4 7 6 2 13 2 10 22 32 9 56 7 11 Intel | -11 -10 -10 -9 -9 -9 -8 -8 -7 -7 -7 -7 -7 -6 -6 -6 -6 -6 -5 -5 -4 -4 -3 -3 -2 -2 -2 -1 -1 -1 ------- Run | Yrd Mat Min Mat Min Exi Min Mat Fac Low Low Zio Dee Pro Fac Gar Fac Gar Fac Gar Fac Gar Res Tes Res Qua Sec Acc Com Ac0 Active Infowar (turns) 14641 | 44 391 . . . . 108 . . . . . . 110 523 380 191 . . 14 . 111 591 1387 2338 2044 2160 1046 2705 498 Optics 5012 | . . . . . . . . . . . . . 110 523 380 191 . . . . . . . . . . 605 2705 498 Sensors 3530 | . . . . . . . . . . . . . . . . . . . 14 . . 591 858 1793 274 . . . . Terrain 1470 | 5 210 . . . . . . . . . . . . . . . . . . . . . . 1226 25 . 2 2 . Seismic 543 | 44 391 . . . . 108 . . . . . . . . . . . . . . . . . . . . . . . Triangulation 1 | . . . . . . . . . . . . . . . . . . . . . . . . . . . 1 . . Jamming 8533 | . . . . . . . . . . . . . . . . . . . . . 111 263 1179 2338 2044 2160 437 1 . ECM 1 | . . . . . . . . . . . . . . . . . . . . . . . . . . . 1 . . Robot Analysis Total . | . . . . . . . . . . . . . . . . . . . . . . . . . . . . . . Derelict Logs Recovered 8 | . . 2 . 2 . . . . . 2 1 . 1 . . . . . . . . . . . . . . . . Drone Launches . | . . . . . . . . . . . . . . . . . . . . . . . . . . . . . . Drone Recoveries . | . . . . . . . . . . . . . . . . . . . . . . . . . . . . . . Exploration | -11 -10 -10 -9 -9 -9 -8 -8 -7 -7 -7 -7 -7 -6 -6 -6 -6 -6 -5 -5 -4 -4 -3 -3 -2 -2 -2 -1 -1 -1 ------------- Run | Yrd Mat Min Mat Min Exi Min Mat Fac Low Low Zio Dee Pro Fac Gar Fac Gar Fac Gar Fac Gar Res Tes Res Qua Sec Acc Com Ac0 Turns Passed 37264 | 140 534 576 613 642 1294 262 1047 686 1529 1727 2047 504 112 523 380 207 484 329 633 264 1178 653 1480 2338 2044 2160 7524 4268 1086 Spaces Moved 21975 | 41 256 338 354 260 430 94 359 232 592 712 866 428 209 952 336 372 737 700 749 182 679 433 871 1647 1207 1275 3755 2306 603 Core 107 | 4 . 16 87 . . . . . . . . . . . . . . . . . . . . . . . . . . Treads 6340 | 37 256 322 95 260 430 94 359 232 592 712 866 170 . . . . . . . . . . . . . 326 1326 263 . Legs 8526 | . . . 172 . . . . . . . . . . . . . . . 58 182 679 433 871 1647 1207 949 . 1725 603 Wheels . | . . . . . . . . . . . . . . . . . . . . . . . . . . . . . . Hover 4200 | . . . . . . . . . . . . 258 209 952 34 . . . . . . . . . . . 2429 318 . Flight 2802 | . . . . . . . . . . . . . . . 302 372 737 700 691 . . . . . . . . . . Fastest Speed 32 | 50 160 50 50 240 240 240 165 225 164 164 164 48 48 48 33 39 39 32 32 116 114 122 125 128 113 102 142 42 90 Average Speed 131 | 149 160 154 127 240 240 240 228 238 222 227 216 95 48 48 44 39 39 33 42 116 120 126 127 128 122 118 149 138 101 Slowest Speed 250 | 160 160 160 240 240 240 240 250 245 228 228 228 210 48 48 195 39 39 100 185 117 186 128 128 128 130 175 242 179 174 Overloaded Moves . | . . . . . . . . . . . . . . . . . . . . . . . . . . . . . . Propulsion Burnouts . | . . . . . . . . . . . . . . . . . . . . . . . . . . . . . . Robots Hopped 15 | . . . . . . . . . . . . . . . 3 . 5 . 5 . . . . . . . 2 . . Potential Cave-ins 68 | . . . . . . . . . . . . . . . . . . . . . . . . . . 2 2 50 14 Cave-ins Triggered 8 | . . . . . . . . . . . . . . . . . . . . . . . . . . . . 8 . Teleports 4 | . . . . . . . . . . . . . . . . . . . . . . . . . . 1 2 . 1 Exploration Rate (%) 49 | 4 44 55 41 43 66 23 39 10 68 91 87 58 49 31 37 11 64 28 67 8 50 15 92 61 93 84 85 47 34 Regions Visited 29 Branch Regions 14 Pre-discovered Areas 5 | . . 1 . . 1 . . . . . 3 . . . . . . . . . . . . . . . . . . Known Exits Taken 15 | . . . . . . . 1 1 . . 1 . 1 1 . 1 . 1 . 1 . 1 1 1 1 1 1 1 . Unknown Exits Taken 10 | 1 1 1 1 1 1 1 . . 1 1 . 1 . . . . . . . . . . . . . . . . . Scrap Searched 13 | . . . . 3 . 1 . . 2 3 3 . 1 . . . . . . . . . . . . . . . . Spaces Dug 147 | . . . . . . . . . . . . 4 3 4 5 1 13 6 7 2 9 7 14 15 3 21 13 18 2 Terrain Destroyed 1425 | . . . 33 55 . . 91 . . 42 . 8 4 4 99 12 14 7 32 2 54 11 100 36 132 72 373 131 113 Melee 50 | . . . . . . . . . . . . . . 4 5 1 13 6 7 2 9 2 1 . . . . . . Projectile 524 | . . . . . . . 14 . . . . 8 4 . . . 1 1 1 . 8 9 18 36 19 56 105 131 113 AOE 851 | . . . 33 55 . . 77 . . 42 . . . . 94 11 . . 24 . 37 . 81 . 113 16 268 . . Terrain Rammed . | . . . . . . . . . . . . . . . . . . . . . . . . . . . . . . Walls Destroyed . | . . . . . . . . . . . . . . . . . . . . . . . . . . . . . . Machines Disabled . | . . . . . . . . . . . . . . . . . . . . . . . . . . . . . . Actions | -11 -10 -10 -9 -9 -9 -8 -8 -7 -7 -7 -7 -7 -6 -6 -6 -6 -6 -5 -5 -4 -4 -3 -3 -2 -2 -2 -1 -1 -1 --------- Run | Yrd Mat Min Mat Min Exi Min Mat Fac Low Low Zio Dee Pro Fac Gar Fac Gar Fac Gar Fac Gar Res Tes Res Qua Sec Acc Com Ac0 Total 28459 | 75 321 380 452 273 702 115 500 321 759 769 944 481 214 1005 492 421 833 768 952 220 897 511 1129 1821 1640 1769 5572 3186 937 Wait 2298 | . 20 32 6 . 229 . 2 35 124 1 3 . . . 47 1 8 12 19 1 44 24 22 18 216 93 870 453 18 Move 21916 | 40 255 337 353 259 429 93 358 231 591 711 865 427 208 951 330 372 726 700 739 182 678 432 870 1646 1206 1274 3750 2301 602 Hop 12 | . . . . . . . . . . . . . . . 2 . 5 . 3 . . . . . . . 2 . . Pick Up 407 | 2 4 2 13 7 15 2 19 10 8 8 6 5 . 11 11 11 6 5 13 11 12 5 10 23 22 32 79 35 20 Fast Attach 232 | 7 . . 10 . 2 4 5 3 2 2 2 7 1 6 9 3 4 4 8 2 9 6 8 7 4 29 48 25 15 Attach 174 | . . 1 3 . 2 1 7 2 2 2 2 . . 3 3 . 3 3 9 1 5 2 3 8 10 13 36 23 30 Detach 125 | . . . 3 . 1 2 2 1 1 1 1 1 . 3 3 1 2 . 5 . 4 . . 5 7 12 24 33 13 Swap 486 | . 3 . 11 2 2 1 12 10 3 13 11 5 . 5 19 10 12 4 29 7 16 12 67 26 27 44 85 31 19 Drop 468 | . 1 1 10 . 22 3 18 10 7 8 9 13 . 14 20 13 9 5 6 8 23 8 20 27 16 46 93 50 8 Fire 1911 | 26 36 6 43 5 . 7 73 18 19 22 44 23 5 3 10 3 1 1 26 . 36 14 116 60 130 225 553 195 211 Melee 282 | . . . . . . . 4 . . 1 1 . . 9 38 7 57 19 55 8 68 3 12 . . . . . . Ram . | . . . . . . . . . . . . . . . . . . . . . . . . . . . . . . Kick 11 | . . . . . . . . . . . . . . . . . . . . . 2 5 . 1 2 . . . 1 Crush 22 | . 2 1 . . . 2 . 1 . . . . . . . . . . . . . . . . . 1 15 . . Escape Stasis 90 | . . . . . . . . . . . . . . . . . . 15 39 . . . . . . . 17 19 . Rewire 25 | . . . . . . . . . 2 . . . . . . . . . 1 . . . 1 . . . . 21 . Trap . | . . . . . . . . . . . . . . . . . . . . . . . . . . . . . . Miscellaneous . | . . . . . . . . . . . . . . . . . . . . . . . . . . . . . . Route ------- -11/Scrapyard -10/Materials (discovered 3 exits: *Mat / *Min / [*Sub]) -10/Mines (discovered 2 exits: *Mat x2) -9/Materials (discovered 2 exits: *Mat / [*Min]) -9/Mines -9/Exiles -8/Mines -8/Materials (discovered 3 exits: *Fac x3) -7/Factory (discovered 4 exits: *Fac x2 / *Low x2) -7/Lower Caves (discovered 2 exits: *Low / *Zio) -7/Lower Caves (discovered 2 exits: Fac / *Zio) -7/Zion (discovered 2 exits: *Dee / [*Pro]) -7/Deep Caves -6/Proximity Caves -6/Factory (discovered 4 exits: *Fac x2 / Low / Gar) -6/Garrison (discovered 2 exits: *Fac x2) -6/Factory (discovered 2 exits: Fac / Gar) -6/Garrison (discovered 3 exits: *Fac x3) -5/Factory (discovered 5 exits: *Fac x3 / [*Upp] / Gar) -5/Garrison (discovered 4 exits: *Fac x3 / Fac) -4/Factory -4/Garrison -3/Research (discovered 2 exits: *Res / *Tes) -3/Testing -2/Research (discovered 5 exits: *Acc x3 / *Qua x2) -2/Quarantine (discovered 3 exits: *Acc / *Sec / *Frg) -2/Section 7 -1/Access (discovered 2 exits: *Sur / *Com) -1/Command (discovered 3 exits: *Sur x2 / *Ac0) -1/Access_0 Near Former Tau Ceti IV History --------- Turn | Location | Event 16 | -11/Scrapyard | Discovered new exit (range 15) 141 | -11/Scrapyard | Entered Materials 309 | -10/Materials | Build established: Mutant 391 | -10/Materials | Discovered new exit (range 3) 511 | -10/Materials | Discovered new exit (range 8) 532 | -10/Materials | Prayed at D.C.S.S. Altar Unit 629 | -10/Materials | Discovered new exit (range 13) 675 | -10/Materials | Entered Mines 713 | -10/Mines | YI-UF0 nonchalantly dropped a Grenade Launcher on the ground 729 | -10/Mines | Discovered new exit (range 3) 888 | -10/Mines | Discovered new exit (range 9) 902 | -10/Mines | Assisted by bots powering up and referring to "LRC-V3" 920 | -10/Mines | Learned Materials emergency access door positions 928 | -10/Mines | Learned location of Zion (-7) 948 | -10/Mines | X0-1V1 activates XOMVISION 990 | -10/Mines | Energy capacity permanently improved by X0-1V1 (+200; -100 max core) 1133 | -10/Mines | Found the Drone Emporium 1140 | -10/Mines | Found Prototype Device 1243 | -10/Mines | Core integrity fell below 50% 1245 | -10/Mines | Core integrity fell below 20% 1251 | -10/Mines | Entered Materials 1251 | -9/Materials | Evolved 2 slots: Propulsion x1, Utility x1 1254 | -9/Materials | X0-1V1 released a cloud of subatomizers 1261 | -9/Materials | Lost 3 allies 1261 | -9/Materials | X0-1V1 sent hostile G-34 Mercenary (x3) 1262 | -9/Materials | Inventory capacity permanently improved by X0-1V1 (+1; -100 max core) 1268 | -9/Materials | X0-1V1 added 0b10 threat records associated with you (minor) 1282 | -9/Materials | Identified Decoy Drone Bay 1292 | -9/Materials | Lost 6 parts (2p2n2w) 1575 | -9/Materials | X0-1V1 foreshadows a heat wave 1680 | -9/Materials | Core integrity fell below 50% 1698 | -9/Materials | Discovered new exit (range 15) 1718 | -9/Materials | Sterilization system engaged 1718 | -9/Materials | Non-combat units ordered to evacuate 1737 | -9/Materials | X0-1V1 whisked you away to safety 1747 | -9/Materials | Discovered new exit (range 6) 1765 | -9/Materials | Ambient heat levels rising (+10) 1818 | -9/Materials | Combat units ordered to evacuate 1864 | -9/Materials | Entered Mines 1888 | -9/Mines | X0-1V1 put everyone to sleep 1950 | -9/Mines | Build established: Hauler-Mutant 1989 | -9/Mines | Learned location of 2 exits from Materials 2016 | -9/Mines | Assembled infested the area 2281 | -9/Mines | Learned location of 1 exit from Materials 2307 | -9/Mines | Deemed a non-threat by the Exiles lab entrance 2307 | -9/Mines | Discovered new exit (range 5) 2506 | -9/Mines | Entered Exiles 2565 | -9/Exiles | Met 8R-AWN 2604 | -9/Exiles | Met EX-HEX 2683 | -9/Exiles | Met EX-BIN 2762 | -9/Exiles | Met EX-DEC 3528 | -9/Exiles | Discovered new exit (range 10) 3800 | -9/Exiles | Entered Mines 3863 | -8/Mines | Discovered new exit (range 8) 3927 | -8/Mines | X0-1V1 sent you into danger 4062 | -8/Mines | Entered Materials 4062 | -8/Materials | Evolved 2 slots: Propulsion x1, Utility x1 4063 | -8/Materials | Identified exit to Factory 4207 | -8/Materials | X0-1V1 sent allied B-36 Bruiser (x2) 4592 | -8/Materials | Found Prototype Device 4809 | -8/Materials | Build established: Scavenger-Mutant 5018 | -8/Materials | X0-1V1 added 0b10 threat records associated with you (considerable) 5109 | -8/Materials | Entered Factory 5109 | -7/Factory | Evolved 2 slots: Utility x2 5213 | -7/Factory | Sight range permanently improved by X0-1V1 (+1; -150 max core) 5313 | -7/Factory | Identified exit to Lower Caves 5355 | -7/Factory | X0-1V1 put everyone to sleep 5478 | -7/Factory | Discovered new exit (range 13) 5573 | -7/Factory | Central database locked down 5632 | -7/Factory | Build established: Hauler-Mutant 5700 | -7/Factory | Identified exit to Factory 5700 | -7/Factory | X0-1V1 revealed exit location to -6/Factory 5795 | -7/Factory | Entered Lower Caves 5796 | -7/Lower Caves | Encountered a Warlord checkpoint 6427 | -7/Lower Caves | A Derelict revealed a hidden shortcut to a safe place 6763 | -7/Lower Caves | Discovered new exit (range 5) 6977 | -7/Lower Caves | X0-1V1 caused items to flee you 7001 | -7/Lower Caves | X0-1V1 vaporized surrounding terrain (radius 18) 7008 | -7/Lower Caves | X0-1V1 sent hostile X-57 Shotgunner (x2) 7059 | -7/Lower Caves | X0-1V1 activates XOMVISION 7198 | -7/Lower Caves | X0-1V1 activates XOMVISION 7209 | -7/Lower Caves | Items stopped fleeing you 7263 | -7/Lower Caves | X0-1V1 mutated your Utility slot to Propulsion slot 7281 | -7/Lower Caves | X0-1V1 sent hostile B-48 Gladiator (x3) 7301 | -7/Lower Caves | X0-1V1 sent allied Chaos Knight 2.0 (x1) 7324 | -7/Lower Caves | Entered another Lower Caves area 7333 | -7/Lower Caves | Core integrity restored by X0-1V1 (+66) 7335 | -7/Lower Caves | X0-1V1 revealed exit location to -6/Factory 7347 | -7/Lower Caves | X0-1V1 vaporized surrounding terrain (radius 18) 7347 | -7/Lower Caves | Spotted B-75 Beast 7376 | -7/Lower Caves | Destroyed B-75 Beast 7398 | -7/Lower Caves | Hrd. Heavy Armor Plating reconfigured into Item Mimic 7529 | -7/Lower Caves | Learned location of 1 exit from Factory 7996 | -7/Lower Caves | Discovered new exit (range 10) 8214 | -7/Lower Caves | X0-1V1 caused items to flee you 8567 | -7/Lower Caves | Items stopped fleeing you 8628 | -7/Lower Caves | Learned Factory emergency access door positions 9051 | -7/Lower Caves | Entered Zion 9157 | -7/Zion | System corruption cleaned by Quarantine Array 9165 | -7/Zion | System corruption reached 10% 9190 | -7/Zion | System corruption cleaned by Quarantine Array 9193 | -7/Zion | Found Scimitar of Distortion 9228 | -7/Zion | Discovered new exit (range 17) 9329 | -7/Zion | Given A8's code to call for help 9470 | -7/Zion | Found Relay Coupler [Programmer] 9986 | -7/Zion | Found Prototype Device 9986 | -7/Zion | Identified Mobile Refinery Mk. CCLXVII 10046 | -7/Zion | Learned location of Extension (-5) 10133 | -7/Zion | Given the Hacking Drone Bay 10133 | -7/Zion | Found Prototype Device 10133 | -7/Zion | Identified Hacking Drone Bay 10217 | -7/Zion | Identified exit to Deep Caves 10381 | -7/Zion | Learned location of Warlord (-4) 10761 | -7/Zion | Met Imprinter 10772 | -7/Zion | Murdered Imprinter 10773 | -7/Zion | Attacked by Zionites 10776 | -7/Zion | Extracted access codes from Imprinter's data core 10988 | -7/Zion | Core integrity fell below 50% 11059 | -7/Zion | Enhanced Grunt warped into view, answering call for help 11060 | -7/Zion | Enhanced Grunt warped into view, answering call for help 11067 | -7/Zion | Opened final containment barrier to the Deep Caves 11092 | -7/Zion | Saw the warning signs outside the Deep Caves entrance 11098 | -7/Zion | Entered Deep Caves 11098 | -7/Deep Caves | Accompanied by 2 allies 11199 | -7/Deep Caves | Build established: Scavenger-Mutant 11347 | -7/Deep Caves | X0-1V1 poked a wall 11364 | -7/Deep Caves | Z-Facility disabled 11386 | -7/Deep Caves | Found Prototype Protection 11386 | -7/Deep Caves | Identified Zio. Weapon Casing 11398 | -7/Deep Caves | Found Prototype Protection 11398 | -7/Deep Caves | Identified Zio. Heavy Carapace 11407 | -7/Deep Caves | Core integrity fell below 20% 11471 | -7/Deep Caves | Found Zio. Weapon Casing 11598 | -7/Deep Caves | Discovered new exit (range 9) 11602 | -7/Deep Caves | Entered Proximity Caves 11627 | -6/Proximity Caves | Acquired the password to a Derelict Tinkerer's latest research 11645 | -6/Proximity Caves | Learned Factory trap positions 11712 | -6/Proximity Caves | Discovered exit to Factory (range 5) 11714 | -6/Proximity Caves | Entered Factory 11714 | -6/Factory | Evolved 2 slots: Power x1, Propulsion x1 11715 | -6/Factory | Identified exit to Factory 11716 | -6/Factory | Loaded intel: 75 trap records 11751 | -6/Factory | Weapon slot count temporarily expanded by X0-1V1 (+1) 11840 | -6/Factory | X0-1V1 activates XOMVISION 11845 | -6/Factory | Fabricated Lrn. Proton Cannon? 11903 | -6/Factory | X0-1V1 announced a LAN party 11935 | -6/Factory | Weapon slot count reverted to normal (-1) 11945 | -6/Factory | Discovered exit to Factory (range 9) 12092 | -6/Factory | Identified exit to Garrison 12122 | -6/Factory | X0-1V1 put everyone to sleep 12144 | -6/Factory | Identified exit to Lower Caves 12144 | -6/Factory | X0-1V1 revealed exit location to -6/Lower Caves 12237 | -6/Factory | Entered Garrison 12258 | -6/Garrison | Spotted Executioner 12265 | -6/Garrison | Destroyed Executioner 12269 | -6/Garrison | Found Prototype Processor 12269 | -6/Garrison | Identified Exp. Core Analyzer 12295 | -6/Garrison | Attached CPS modules to Striker 12307 | -6/Garrison | Destroyed Striker 12325 | -6/Garrison | Attached CPS modules to Striker 12354 | -6/Garrison | Destroyed Striker 12485 | -6/Garrison | X0-1V1 sent you into danger 12514 | -6/Garrison | Discovered new exit (range 14) 12522 | -6/Garrison | Garrison Relay disabled 12551 | -6/Garrison | Triggered checkpoint 12553 | -6/Garrison | Identified exit to Factory 12553 | -6/Garrison | X0-1V1 revealed exit location to -6/Factory 12577 | -6/Garrison | Weapon slot count temporarily expanded by X0-1V1 (+2) 12580 | -6/Garrison | Garrison Relay disabled 12581 | -6/Garrison | Triggered checkpoint 12611 | -6/Garrison | Installed Relay Interface Framework 12617 | -6/Garrison | Entered Factory 12619 | -6/Factory | X0-1V1 revealed exit location to -5/Factory 12702 | -6/Factory | X0-1V1 upgraded hostiles (x1) 12744 | -6/Factory | Weapon slot count reverted to normal (-2) 12745 | -6/Factory | X0-1V1 activates XOMVISION 12765 | -6/Factory | Expanded RIF knowledge: Crosswire 12795 | -6/Factory | X0-1V1 sent you to a vault 12824 | -6/Factory | Identified exit to Garrison 12824 | -6/Factory | Entered Garrison 12973 | -6/Garrison | Garrison Relay disabled 13008 | -6/Garrison | Triggered checkpoint 13051 | -6/Garrison | X0-1V1 destroyed Phase Generator 13051 | -6/Garrison | Phase Generator disabled 13054 | -6/Garrison | X0-1V1 activates XOMVISION 13072 | -6/Garrison | X0-1V1 mutated your Weapon slot to Utility slot 13140 | -6/Garrison | P-60 Hacker assimilated allied Soldier 5a 13157 | -6/Garrison | X0-1V1 downgraded hostiles (x1) 13228 | -6/Garrison | Lost 5 allies 13253 | -6/Garrison | Discovered exit to Factory (range 70) 13253 | -6/Garrison | Discovered exit to Factory (range 26) 13253 | -6/Garrison | Discovered exit to Factory (range 19) 13286 | -6/Garrison | Expanded RIF knowledge: Watcher Feeds 13287 | -6/Garrison | Found Imp. Powered Armor 13300 | -6/Garrison | Triggered checkpoint 13301 | -6/Garrison | Core integrity fell below 50% 13308 | -6/Garrison | Entered Factory 13308 | -5/Factory | Evolved 2 slots: Propulsion x1, Utility x1 13312 | -5/Factory | System corruption reached 10% 13322 | -5/Factory | Discovered new exit (range 10) 13382 | -5/Factory | Imp. Powered Armor reconfigured into Item Mimic 13507 | -5/Factory | Discovered new exit (range 14) 13569 | -5/Factory | X0-1V1 redirected Transport squads to designated parking area 13594 | -5/Factory | Discovered new exit (range 9) 13617 | -5/Factory | Discovered new exit (range 17) 13635 | -5/Factory | Identified exit to Garrison 13637 | -5/Factory | Entered Garrison 13637 | -5/Garrison | Accompanied by 1 ally 13671 | -5/Garrison | Triggered checkpoint 13674 | -5/Garrison | Garrison Relay disabled 13696 | -5/Garrison | Spotted B-75 Beast 13703 | -5/Garrison | Triggered checkpoint 13751 | -5/Garrison | Discovered new exit (range 11) 13761 | -5/Garrison | Build established: Scavenger-Sprinter 13781 | -5/Garrison | Triggered checkpoint 13791 | -5/Garrison | Triggered checkpoint 13819 | -5/Garrison | Learned Factory security intel 13827 | -5/Garrison | Garrison Relay disabled 13845 | -5/Garrison | X0-1V1 caused items to flee you 13856 | -5/Garrison | Identified exit to Factory 13856 | -5/Garrison | X0-1V1 revealed exit location to -5/Factory 13863 | -5/Garrison | Triggered checkpoint 13875 | -5/Garrison | Garrison Relay disabled 13891 | -5/Garrison | Destroyed 7 combat bots 13915 | -5/Garrison | Triggered checkpoint 13927 | -5/Garrison | Triggered checkpoint 13948 | -5/Garrison | Items stopped fleeing you 13950 | -5/Garrison | Allies destroyed B-75 Beast 13956 | -5/Garrison | Garrison Relay disabled 13964 | -5/Garrison | Lost 3 allies 14021 | -5/Garrison | Expanded RIF knowledge: Coupler Efficiency 14026 | -5/Garrison | Discovered new exit (range 3) 14029 | -5/Garrison | Identified exit to Factory 14031 | -5/Garrison | X0-1V1 revealed exit location to -4/Factory 14063 | -5/Garrison | Spotted Executioner 14064 | -5/Garrison | Spotted Executioner 14067 | -5/Garrison | Triggered checkpoint 14071 | -5/Garrison | Core integrity fell below 50% 14076 | -5/Garrison | Destroyed Executioner 14096 | -5/Garrison | Destroyed Executioner 14103 | -5/Garrison | Found Prototype Device 14103 | -5/Garrison | Identified Adv. Kinecellerator 14109 | -5/Garrison | Found Exp. Core Analyzer 14116 | -5/Garrison | Lost 3 parts (1p1n1u) 14126 | -5/Garrison | Lost 4 allies 14194 | -5/Garrison | Garrison Relay disabled 14233 | -5/Garrison | Found Prototype Device 14233 | -5/Garrison | Identified Sfc. Transmogrifier 14270 | -5/Garrison | Entered Factory 14270 | -4/Factory | Accompanied by 1 ally 14270 | -4/Factory | Evolved 2 slots: Utility x2 14371 | -4/Factory | Build established: Scavenger-Mutant 14520 | -4/Factory | First assault squad dispatched 14534 | -4/Factory | Identified exit to Garrison 14534 | -4/Factory | Entered Garrison 14594 | -4/Garrison | Triggered checkpoint 14622 | -4/Garrison | Garrison Relay disabled 14642 | -4/Garrison | X0-1V1 caused items to flee you 14695 | -4/Garrison | Spotted B-86 Titan 14758 | -4/Garrison | X0-1V1 upgraded hostiles (x1) 14760 | -4/Garrison | Spotted B-90 Cyclops 14766 | -4/Garrison | Weapon slot count temporarily expanded by X0-1V1 (+4) 14793 | -4/Garrison | X0-1V1 sent hostile Thug (x4) 14816 | -4/Garrison | Destroyed B-90 Cyclops 14826 | -4/Garrison | Items stopped fleeing you 14876 | -4/Garrison | X0-1V1 activates XOMVISION 14992 | -4/Garrison | Triggered checkpoint 15040 | -4/Garrison | X0-1V1 sent hostile Butcher (x2) 15042 | -4/Garrison | Discovered new exit (range 16) 15108 | -4/Garrison | Weapon slot count reverted to normal (-4) 15211 | -4/Garrison | X0-1V1 sent hostile Fireman (x3) 15256 | -4/Garrison | Triggered checkpoint 15303 | -4/Garrison | Expanded RIF knowledge: Command Fork 15311 | -4/Garrison | Garrison Relay disabled 15712 | -4/Garrison | Entered Research 15712 | -3/Research | Evolved 2 slots: Power x1, Utility x1 15861 | -3/Research | Sensors blinded by X0-1V1 15962 | -3/Research | First assault squad dispatched 16070 | -3/Research | Discovered new exit (range 17) 16145 | -3/Research | Identified exit to Research 16179 | -3/Research | Discovered new exit (range 23) 16361 | -3/Research | Identified exit to Testing 16365 | -3/Research | Entered Testing 16398 | -3/Testing | Sensors blinded by X0-1V1 16661 | -3/Testing | Found Prototype Device 16661 | -3/Testing | Identified 2N-1CE's Frost Array 16735 | -3/Testing | Found Prototype Launcher 16735 | -3/Testing | Identified Adv. Micro-nuke Launcher 16768 | -3/Testing | Found Prototype Energy Gun 16768 | -3/Testing | Identified Tachyon Dispersion Ray 16793 | -3/Testing | X0-1V1 announced a LAN party 16822 | -3/Testing | Build established: Mutant 16910 | -3/Testing | Found Prototype Device 16910 | -3/Testing | Identified Exp. Thermal Shield 16948 | -3/Testing | Spotted PY-DLONQ961WX 16956 | -3/Testing | Rewired PY-DLONQ961WX 17009 | -3/Testing | X0-1V1 sent you to a vault 17021 | -3/Testing | Discovered exit to Research (range 17) 17088 | -3/Testing | Lost 3 allies 17133 | -3/Testing | Destroyed 8 combat bots 17133 | -3/Testing | Found Adv. Micro-nuke Launcher 17143 | -3/Testing | Hvy. Shield Leg reconfigured into Greater Item Mimic 17267 | -3/Testing | Found Prototype Energy Cannon 17356 | -3/Testing | Found Prototype Hackware 17356 | -3/Testing | Identified Ghost Barrier 17465 | -3/Testing | Found Prototype Device 17465 | -3/Testing | Identified Exp. EM Disruption Field 17551 | -3/Testing | Destroyed PY-DLONQ961WX 17567 | -3/Testing | Found Corrupted Prototype Processor 17692 | -3/Testing | Found Prototype Protection 17692 | -3/Testing | Identified Centrium Heavy Armor Plating 17754 | -3/Testing | Found Prototype Ballistic Cannon 17840 | -3/Testing | Identified Exp. Target Analyzer 17841 | -3/Testing | System corruption reached 10% 17845 | -3/Testing | Entered Research 17845 | -2/Research | Evolved 2 slots: Utility x1, Weapon x1 17846 | -2/Research | Identified Omega Cannon 17848 | -2/Research | Identified Potential Cannon 17901 | -2/Research | Identified exit to Access 17901 | -2/Research | X0-1V1 revealed exit location to -1/Access 18006 | -2/Research | Found Gamma Bomb Array 18121 | -2/Research | X0-1V1 vaporized surrounding terrain (radius 20) 18228 | -2/Research | X0-1V1 caused items to flee you 18416 | -2/Research | X0-1V1 revealed exit location to -1/Access 18454 | -2/Research | Items stopped fleeing you 18460 | -2/Research | X0-1V1 made a cryptic comment about sterilization and BL-4Z3 18467 | -2/Research | X0-1V1 vaporized surrounding terrain (radius 20) 18549 | -2/Research | Sterilization system engaged 18549 | -2/Research | Non-combat units ordered to evacuate 18649 | -2/Research | Combat units ordered to evacuate 18707 | -2/Research | Cargo convoy interrupted 18750 | -2/Research | Found Exp. Core Analyzer 18849 | -2/Research | Ambient heat levels rising (+10) 18947 | -2/Research | Found Prototype Device 18947 | -2/Research | Identified Exp. Terrain Scanner 18999 | -2/Research | Discovered new exit (range 11) 18999 | -2/Research | Ambient heat levels rising (+10) 19080 | -2/Research | X0-1V1 activates XOMVISION 19116 | -2/Research | Identified exit to Quarantine 19133 | -2/Research | Discovered exit to Quarantine (range 21) 19149 | -2/Research | Ambient heat levels rising (+10) 19250 | -2/Research | Build established: Skirmisher 19299 | -2/Research | Ambient heat levels rising (+10) 19449 | -2/Research | Ambient heat levels rising (+10) 19583 | -2/Research | X0-1V1 sent hostile P-80 Master (x2) 19599 | -2/Research | Ambient heat levels rising (+10) 19683 | -2/Research | X0-1V1 vaporized surrounding terrain (radius 15) 19749 | -2/Research | Ambient heat levels rising (+10) 19775 | -2/Research | X0-1V1 sent you to a vault 19779 | -2/Research | Found Prototype Special Weapon 19779 | -2/Research | Identified Gui. Remote Datajack 19783 | -2/Research | Found Prototype Launcher 19783 | -2/Research | Identified Containment Facilitator 19788 | -2/Research | Found Prototype Device 19789 | -2/Research | Identified Exp. EM Shield 19797 | -2/Research | Found Prototype Ballistic Gun 19797 | -2/Research | Identified Multirail 19899 | -2/Research | Ambient heat levels rising (+10) 20049 | -2/Research | Ambient heat levels rising (+10) 20078 | -2/Research | X0-1V1 revealed exit location to -1/Access 20092 | -2/Research | X0-1V1 activates XOMVISION 20093 | -2/Research | X0-1V1 added 0b10 threat records associated with you (major) 20160 | -2/Research | X0-1V1 added 0b10 threat records associated with you (considerable) 20171 | -2/Research | X0-1V1 vaporized surrounding terrain (radius 19) 20183 | -2/Research | Entered Quarantine 20202 | -2/Quarantine | X0-1V1 enhanced Transport squad support 20206 | -2/Quarantine | X0-1V1 sent you to a vault 20209 | -2/Quarantine | X0-1V1 redirected Transport squads to designated parking area 20213 | -2/Quarantine | System corruption reached 10% 20230 | -2/Quarantine | X0-1V1 caused items to flee you 20253 | -2/Quarantine | Identified exit to Protoforge 20253 | -2/Quarantine | X0-1V1 revealed exit location to -2/Protoforge 20254 | -2/Quarantine | X0-1V1 vaporized surrounding terrain (radius 23) 20257 | -2/Quarantine | X0-1V1 sent you into danger 20260 | -2/Quarantine | Weapon slot count temporarily expanded by X0-1V1 (+3) 20264 | -2/Quarantine | X0-1V1 turns hostiles against one another 20313 | -2/Quarantine | X0-1V1 rewrote Warden 9a IFF filter 20333 | -2/Quarantine | Identified exit to Section 7 20333 | -2/Quarantine | X0-1V1 revealed exit location to -2/Section 7 20348 | -2/Quarantine | Garrison activated, responded to threat 20351 | -2/Quarantine | X0-1V1 put everyone to sleep 20392 | -2/Quarantine | X0-1V1 revealed exit location to -1/Access 20425 | -2/Quarantine | X0-1V1 activates XOMVISION 20433 | -2/Quarantine | First assault squad dispatched 20434 | -2/Quarantine | X0-1V1 sent you into danger 20450 | -2/Quarantine | Items stopped fleeing you 20480 | -2/Quarantine | Spotted Fortress 20480 | -2/Quarantine | X0-1V1 whisked you away to safety 20481 | -2/Quarantine | Scanned by Researcher 20614 | -2/Quarantine | Weapon slot count reverted to normal (-3) 20753 | -2/Quarantine | Found Alien Artifact 20753 | -2/Quarantine | Identified Phase Redirector 20782 | -2/Quarantine | Cryocooling Duct disabled 20783 | -2/Quarantine | Cryocooling Duct disabled 20797 | -2/Quarantine | Ambient heat levels rising (+20) 20797 | -2/Quarantine | Non-combat units ordered to evacuate 20798 | -2/Quarantine | Ambient heat levels rising (+20) 20798 | -2/Quarantine | Combat units ordered to evacuate 20801 | -2/Quarantine | Found Alien Artifact 20869 | -2/Quarantine | X0-1V1 sent hostile X-82 Rainmaker (x3) 20888 | -2/Quarantine | Found Prototype Device 20888 | -2/Quarantine | Identified Exp. Thermal Shield 20898 | -2/Quarantine | Quarantine Guard activated 20911 | -2/Quarantine | Build established: Mutant 20935 | -2/Quarantine | Found Unknown Device 20935 | -2/Quarantine | Identified Adv. Force Booster 20963 | -2/Quarantine | Spotted Quarantine Guard 20967 | -2/Quarantine | Spotted Quarantine Guard 20969 | -2/Quarantine | Destroyed Quarantine Guard 20973 | -2/Quarantine | Destroyed Quarantine Guard 21020 | -2/Quarantine | Quantum Reactor reconfigured into Greater Item Mimic 21117 | -2/Quarantine | X0-1V1 woke everyone up 21129 | -2/Quarantine | Found Alien Artifact 21210 | -2/Quarantine | Spotted Quarantine Guard 21229 | -2/Quarantine | Destroyed Quarantine Guard 21322 | -2/Quarantine | Spotted Quarantine Guard 21344 | -2/Quarantine | Found Alien Slashing Weapon 21375 | -2/Quarantine | Destroyed Quarantine Guard 21462 | -2/Quarantine | Spotted Quarantine Guard 21474 | -2/Quarantine | Destroyed Quarantine Guard 21493 | -2/Quarantine | Spotted Quarantine Guard 21496 | -2/Quarantine | Spotted Quarantine Guard 21499 | -2/Quarantine | Destroyed Quarantine Guard 21503 | -2/Quarantine | Destroyed Quarantine Guard 21531 | -2/Quarantine | Spotted Quarantine Guard 21544 | -2/Quarantine | Destroyed Quarantine Guard 21556 | -2/Quarantine | Found Alien Artifact 21580 | -2/Quarantine | Build established: Hauler-Mutant 21638 | -2/Quarantine | Central database locked down 21638 | -2/Quarantine | Identified Core Reset Matrix 21638 | -2/Quarantine | Identified Sigix Broadsword 21638 | -2/Quarantine | Identified Terrabomb 21638 | -2/Quarantine | Identified Subatomic Replicator 21724 | -2/Quarantine | Found Alien Energy Cannon 21798 | -2/Quarantine | Spotted Quarantine Guard 21802 | -2/Quarantine | Destroyed Quarantine Guard 21942 | -2/Quarantine | Build established: Scientist-Mutant 21950 | -2/Quarantine | Found Alien Launcher 21980 | -2/Quarantine | Spotted Quarantine Guard 22123 | -2/Quarantine | Destroyed Fortress 22218 | -2/Quarantine | Spotted Quarantine Guard 22218 | -2/Quarantine | Spotted Quarantine Guard 22227 | -2/Quarantine | Entered Section 7 22229 | -2/Section 7 | Spotted S7 Guard 22247 | -2/Section 7 | Found Alien Artifact 22252 | -2/Section 7 | X0-1V1 activates XOMVISION 22270 | -2/Section 7 | Destroyed S7 Guard 22293 | -2/Section 7 | Found Alien Artifact 22346 | -2/Section 7 | Found Alien Artifact 22400 | -2/Section 7 | Assimilated Heavy ARC 9a with formatsys_deep 22458 | -2/Section 7 | Lost 5 allies 22475 | -2/Section 7 | Destroyed 8 combat bots 22576 | -2/Section 7 | X0-1V1 whisked you away to safety 22609 | -2/Section 7 | X0-1V1 sent allied Lightning (x1) 22626 | -2/Section 7 | Spotted Executioner 22631 | -2/Section 7 | Allies destroyed Executioner 22631 | -2/Section 7 | Spotted Executioner 22634 | -2/Section 7 | Allies destroyed Executioner 22694 | -2/Section 7 | Spotted Striker 22694 | -2/Section 7 | Spotted Striker 22696 | -2/Section 7 | Destroyed Striker 22709 | -2/Section 7 | Allies destroyed Striker 22753 | -2/Section 7 | Found Alien Energy Gun 22754 | -2/Section 7 | Identified Sigix Sheargun 22758 | -2/Section 7 | Found Sigix Sheargun 22779 | -2/Section 7 | X0-1V1 activates XOMVISION 22844 | -2/Section 7 | Found Alien Artifact 22847 | -2/Section 7 | Found Alien Artifact 22851 | -2/Section 7 | Found Alien Artifact 22907 | -2/Section 7 | Spotted B-99 Colossus 22942 | -2/Section 7 | Found Alien Artifact 22942 | -2/Section 7 | Identified Integrated Dissipator 22942 | -2/Section 7 | Installed Integrated Dissipator, increased core heat dissipation (+20) 22981 | -2/Section 7 | Found Alien Artifact 22981 | -2/Section 7 | Identified LRC Matter Compressor 22981 | -2/Section 7 | Installed LRC Matter Compressor, increased matter storage capacity (+125) 22983 | -2/Section 7 | Found Alien Artifact 22983 | -2/Section 7 | Identified LRC Storage 22983 | -2/Section 7 | Installed LRC Storage, increased inventory capacity (+2) 23117 | -2/Section 7 | Found Exp. Targeting Computer 23262 | -2/Section 7 | Spotted Executioner 23262 | -2/Section 7 | Spotted Executioner 23299 | -2/Section 7 | X0-1V1 sent hostile X-77 Beamer (x3) 23302 | -2/Section 7 | Identified Transdimensional Reconstructor (x3) 23302 | -2/Section 7 | Warped through subspace 23327 | -2/Section 7 | Lost 3 parts (1p1n1w) 23383 | -2/Section 7 | Build established: Scavenger-Mutant 23385 | -2/Section 7 | Destroyed Executioner 23391 | -2/Section 7 | Destroyed Executioner 23401 | -2/Section 7 | X0-1V1 activates XOMVISION 23477 | -2/Section 7 | First assault squad dispatched 23569 | -2/Section 7 | Found Alien Artifact 23569 | -2/Section 7 | Identified Spacefold Activator 23574 | -2/Section 7 | X0-1V1 sent you to a vault 23581 | -2/Section 7 | Found Centrium Heavy Armor Plating 23590 | -2/Section 7 | Found Prototype Device 23590 | -2/Section 7 | Identified Exp. Focal Shield 23621 | -2/Section 7 | Found Prototype Device 23621 | -2/Section 7 | Identified System Purifier 23645 | -2/Section 7 | Spotted S7 Guard 23663 | -2/Section 7 | Destroyed S7 Guard 23698 | -2/Section 7 | Found Containment Facilitator 23734 | -2/Section 7 | Found Alien Artifact 23752 | -2/Section 7 | Spotted B-90 Cyclops 23814 | -2/Section 7 | Destroyed B-90 Cyclops 23859 | -2/Section 7 | Spotted S7 Guard 23902 | -2/Section 7 | Found Alien Artifact 23947 | -2/Section 7 | Found Quantum Capacitor 24009 | -2/Section 7 | Spotted S7 Guard 24019 | -2/Section 7 | Found Alien Artifact 24027 | -2/Section 7 | Destroyed S7 Guard 24031 | -2/Section 7 | Found Prototype Protection 24031 | -2/Section 7 | Identified Hvy. Regenerative Plating 24158 | -2/Section 7 | Identified Integrated Thermoelectric Network 24158 | -2/Section 7 | Identified Integrated Mediator 24158 | -2/Section 7 | Identified Core Physics Calibrator 24158 | -2/Section 7 | Identified Integrity Redistributor 24158 | -2/Section 7 | Identified Core Membrane 24158 | -2/Section 7 | Identified Navigation Efficiency Matrix 24158 | -2/Section 7 | Identified Core Cannon 24158 | -2/Section 7 | Used Core Reset Matrix 24161 | -2/Section 7 | Installed Integrated Thermoelectric Network, gained heat-energy exchange potential 24162 | -2/Section 7 | Detected hypermatrix surge 24162 | -2/Section 7 | Sensed 11 artifacts in vicinity 24162 | -2/Section 7 | Installed Integrated Mediator, increased core attachment efficiency 24163 | -2/Section 7 | Installed Core Membrane, gained immunity to corruption 24251 | -2/Section 7 | Discovered exit to Access (range 12) 24279 | -2/Section 7 | Found Integrated Reactor 24279 | -2/Section 7 | Installed Integrated Reactor, increased core energy generation (+10) 24289 | -2/Section 7 | X0-1V1 sent you into danger 24319 | -2/Section 7 | Found Quantum Capacitor 24368 | -2/Section 7 | Core integrity restored by X0-1V1 (+209) 24387 | -2/Section 7 | Entered Access 24387 | -1/Access | Evolved 2 slots: Utility x2 24402 | -1/Access | Found Quantum Capacitor 24430 | -1/Access | System corruption reached 10% 24449 | -1/Access | Build established: Alien-Mutant 24637 | -1/Access | First assault squad dispatched 24748 | -1/Access | Warped through subspace 24770 | -1/Access | Lost 4 parts (1p2u1w) 24858 | -1/Access | X0-1V1 redirected Transport squads to designated parking area 24916 | -1/Access | X0-1V1 caused items to flee you 24981 | -1/Access | Discovered new exit (range 3) 25002 | -1/Access | Spotted B-99 Colossus 25036 | -1/Access | Spotted B-99 Colossus 25108 | -1/Access | X0-1V1 sent allied H-81 Overseer (x3) 25108 | -1/Access | Destroyed B-99 Colossus 25130 | -1/Access | Items stopped fleeing you 25161 | -1/Access | Destroyed B-99 Colossus 25185 | -1/Access | X0-1V1 sent you into danger 25229 | -1/Access | Lost 3 parts (1n2u) 25244 | -1/Access | Destroyed 7 combat bots 25247 | -1/Access | X0-1V1 added 0b10 threat records associated with you (major) 25294 | -1/Access | X0-1V1 destroyed Energy Cycler 25294 | -1/Access | Energy Cycler disabled 25364 | -1/Access | Used Integrity Redistributor, redistributed integrity from core (-428) 25365 | -1/Access | Core integrity fell below 50% 25699 | -1/Access | High security lockdown imminent 25738 | -1/Access | Destroyed 7 combat bots 25779 | -1/Access | High security lockdown engaged 25826 | -1/Access | X0-1V1 activates XOMVISION 25894 | -1/Access | X0-1V1 sent you into danger 25956 | -1/Access | Destroyed 9 combat bots 25958 | -1/Access | Spotted Investigator 25960 | -1/Access | Destroyed Investigator 25996 | -1/Access | Destroyed Striker 26054 | -1/Access | Destroyed 16 combat bots 26160 | -1/Access | Destroyed Executioner 26237 | -1/Access | Destroyed 16 combat bots 26355 | -1/Access | X0-1V1 sent you to a vault 26458 | -1/Access | X0-1V1 enhanced Transport squad support 26523 | -1/Access | Lost 3 allies 26523 | -1/Access | Destroyed Executioner 26529 | -1/Access | Spotted Striker 26532 | -1/Access | Spotted Executioner 26534 | -1/Access | Destroyed Striker 26539 | -1/Access | Emitted hypermatrix ping 26540 | -1/Access | Destroyed Executioner 26544 | -1/Access | Assembled emerged from beneath the floor 26561 | -1/Access | Spotted Striker 26565 | -1/Access | Spotted Executioner 26590 | -1/Access | Destroyed Striker 26594 | -1/Access | Destroyed Executioner 26596 | -1/Access | Sterilization system engaged 26600 | -1/Access | Lost 7 allies 26605 | -1/Access | Spotted Executioner 26605 | -1/Access | Spotted Striker 26606 | -1/Access | Core integrity fell below 20% 26623 | -1/Access | Destroyed Striker 26626 | -1/Access | Destroyed Executioner 26649 | -1/Access | Weapon slot count temporarily expanded by X0-1V1 (+1) 26684 | -1/Access | Destroyed 42 combat bots 26685 | -1/Access | Found Exp. Core Analyzer 26694 | -1/Access | Destroyed Executioner 26708 | -1/Access | Spotted Striker 26731 | -1/Access | Spotted Executioner 26732 | -1/Access | Spotted Striker 26734 | -1/Access | Destroyed Striker 26734 | -1/Access | Destroyed Striker 26740 | -1/Access | Spotted Striker 26744 | -1/Access | Spotted Striker 26744 | -1/Access | Spotted Executioner 26744 | -1/Access | Spotted Striker 26744 | -1/Access | Warped through subspace 26774 | -1/Access | Lost 5 parts (2p1n1u1w) 26896 | -1/Access | Ambient heat levels rising (+10) 26992 | -1/Access | X0-1V1 rescued you from certain death 27009 | -1/Access | Assembled emerged from beneath the floor 27029 | -1/Access | Weapon slot count reverted to normal (-1) 27046 | -1/Access | Ambient heat levels rising (+10) 27084 | -1/Access | Spotted Striker 27097 | -1/Access | Lost 6 allies 27136 | -1/Access | Lost 3 parts (1p2u) 27151 | -1/Access | Destroyed Striker 27162 | -1/Access | Destroyed Striker 27176 | -1/Access | Destroyed Striker 27190 | -1/Access | Destroyed Executioner 27191 | -1/Access | X0-1V1 added 0b10 threat records associated with you (minor) 27196 | -1/Access | Ambient heat levels rising (+10) 27234 | -1/Access | Found Prototype Device 27234 | -1/Access | Identified Adv. Kinecellerator 27237 | -1/Access | Found Prototype Processor 27237 | -1/Access | Identified Exp. Targeting Computer 27252 | -1/Access | Exp. Biometal Heavy Treads reconfigured into Item Mimic 27346 | -1/Access | Ambient heat levels rising (+10) 27384 | -1/Access | Assembled emerged from beneath the floor 27392 | -1/Access | Destroyed Executioner 27496 | -1/Access | Ambient heat levels rising (+10) 27523 | -1/Access | Build established: Scavenger-Mutant 27646 | -1/Access | Ambient heat levels rising (+10) 27796 | -1/Access | Ambient heat levels rising (+10) 27868 | -1/Access | Assembled emerged from beneath the floor 27946 | -1/Access | Ambient heat levels rising (+10) 27967 | -1/Access | Lost 6 allies 28012 | -1/Access | Found Centrium Heavy Armor Plating 28061 | -1/Access | Assembled emerged from beneath the floor 28088 | -1/Access | Build established: Alien-Mutant 28096 | -1/Access | Ambient heat levels rising (+10) 28104 | -1/Access | Identified exit to Command 28104 | -1/Access | X0-1V1 revealed exit location to -1/Command 28154 | -1/Access | Lost 8 allies 28167 | -1/Access | Core integrity restored by X0-1V1 (+225) 28246 | -1/Access | Ambient heat levels rising (+10) 28396 | -1/Access | Ambient heat levels rising (+10) 28546 | -1/Access | Ambient heat levels rising (+10) 28608 | -1/Access | Found Prototype Device 28609 | -1/Access | Identified Exp. EM Shield 28696 | -1/Access | Ambient heat levels rising (+10) 28846 | -1/Access | Ambient heat levels rising (+10) 28996 | -1/Access | Ambient heat levels rising (+10) 29146 | -1/Access | Ambient heat levels rising (+10) 29296 | -1/Access | Ambient heat levels rising (+10) 29347 | -1/Access | X0-1V1 mutated your Utility slot to Weapon slot 29446 | -1/Access | Ambient heat levels rising (+10) 29596 | -1/Access | Ambient heat levels rising (+10) 29746 | -1/Access | Ambient heat levels rising (+10) 29896 | -1/Access | Ambient heat levels rising (+10) 29907 | -1/Access | X0-1V1 added 0b10 threat records associated with you (minor) 29910 | -1/Access | X0-1V1 vaporized surrounding terrain (radius 17) 29986 | -1/Access | Core integrity restored by X0-1V1 (+225) 30046 | -1/Access | Ambient heat levels rising (+10) 30196 | -1/Access | Ambient heat levels rising (+10) 30262 | -1/Access | Assembled emerged from beneath the floor 30275 | -1/Access | X0-1V1 activates XOMVISION 30292 | -1/Access | Build established: Alien-Gunner 30346 | -1/Access | Ambient heat levels rising (+10) 30379 | -1/Access | Assembled emerged from beneath the floor 30484 | -1/Access | Lost 5 allies 30496 | -1/Access | Ambient heat levels rising (+10) 30646 | -1/Access | Ambient heat levels rising (+10) 30665 | -1/Access | Core integrity restored by X0-1V1 (+200) 30796 | -1/Access | Ambient heat levels rising (+10) 30946 | -1/Access | Ambient heat levels rising (+10) 31004 | -1/Access | X0-1V1 vaporized surrounding terrain (radius 16) 31030 | -1/Access | X0-1V1 activates XOMVISION 31096 | -1/Access | Ambient heat levels rising (+10) 31122 | -1/Access | X0-1V1 sent hostile B-74 Champion (x3) 31216 | -1/Access | Assembled emerged from beneath the floor 31246 | -1/Access | Ambient heat levels rising (+10) 31358 | -1/Access | Assembled emerged from beneath the floor 31396 | -1/Access | Ambient heat levels rising (+10) 31541 | -1/Access | X0-1V1 activates XOMVISION 31546 | -1/Access | Ambient heat levels rising (+10) 31696 | -1/Access | Ambient heat levels rising (+10) 31714 | -1/Access | X0-1V1 put everyone to sleep 31835 | -1/Access | X0-1V1 activates XOMVISION 31846 | -1/Access | Ambient heat levels rising (+10) 31854 | -1/Access | X0-1V1 added 0b10 threat records associated with you (minor) 31855 | -1/Access | X0-1V1 mutated your Weapon slot to Power slot 31897 | -1/Access | X0-1V1 sent hostile Thug (x2) 31911 | -1/Access | Entered Command 31912 | -1/Command | Sensed 1 artifact in vicinity 31920 | -1/Command | Found Exp. Weapon Cycler 31957 | -1/Command | X0-1V1 sent you to a vault 32004 | -1/Command | Spotted M Guard 32004 | -1/Command | Spotted Combat Programmer 32005 | -1/Command | Spotted M Guard 32006 | -1/Command | Spotted Combat Programmer 32040 | -1/Command | X0-1V1 sent allied B-99 Colossus (x2) 32041 | -1/Command | Destroyed Combat Programmer 32043 | -1/Command | Destroyed Combat Programmer 32083 | -1/Command | Lost 4 allies 32091 | -1/Command | Destroyed M Guard 32099 | -1/Command | All MAIN.C guards destroyed 32104 | -1/Command | Found Prototype Device 32104 | -1/Command | Identified AEGIS Remote Shield 32119 | -1/Command | Found Exp. Phase Shifter 32125 | -1/Command | Found Prototype Reactor 32125 | -1/Command | Identified Zero-point Reactor 32130 | -1/Command | Found Zero-point Reactor 32134 | -1/Command | Found AEGIS Remote Shield 32151 | -1/Command | Found Zero-point Reactor 32161 | -1/Command | First assault squad dispatched 32232 | -1/Command | Met MAIN.C 32234 | -1/Command | 0b10 Conduit disabled 32275 | -1/Command | Destroyed MAIN.C Shell 32276 | -1/Command | MAIN.C activated Command garrisons 32299 | -1/Command | Destroyed MAIN.C 32348 | -1/Command | Discovered new exit (range 25) 32348 | -1/Command | Discovered new exit (range 103) 32348 | -1/Command | Extracted map data and part IDs from MAIN.C's data core 32359 | -1/Command | Spotted B-99 Colossus 32370 | -1/Command | X0-1V1 sent allied Butcher (x4) 32370 | -1/Command | P-80 Master assimilated allied V9-OTR(l) 32390 | -1/Command | Build established: Generator-Mutant 32397 | -1/Command | Destroyed B-99 Colossus 32459 | -1/Command | Spotted B-99 Colossus 32476 | -1/Command | Destroyed 9 combat bots 32489 | -1/Command | Destroyed B-99 Colossus 32561 | -1/Command | Found Exp. Force Field 32563 | -1/Command | Found Exp. Armor Integrity Analyzer 32572 | -1/Command | Found Spectral Analyzer 32582 | -1/Command | Found SHELL Armor 32588 | -1/Command | Found Vortex Chain Reactor 32592 | -1/Command | Found Vortex Chain Reactor 32738 | -1/Command | Identified exit to Access_0 32738 | -1/Command | X0-1V1 revealed exit location to -1/Access_0 33144 | -1/Command | Found Multirail 33713 | -1/Command | X0-1V1 caused items to flee you 33915 | -1/Command | Items stopped fleeing you 34157 | -1/Command | Found Exp. System Purifier 34349 | -1/Command | Found Hvy. Regenerative Plating 34587 | -1/Command | Found Corrupted Exp. Core Analyzer 34617 | -1/Command | Found Exp. Targeting Computer 34622 | -1/Command | Found Adv. Kinecellerator 34632 | -1/Command | Found Exp. Core Analyzer 35116 | -1/Command | X0-1V1 activates XOMVISION 35161 | -1/Command | Found Thermal Barrier 35992 | -1/Command | Crushed by falling debris 35996 | -1/Command | Crushed by falling debris 36026 | -1/Command | Crushed by falling debris 36032 | -1/Command | Crushed by falling debris 36033 | -1/Command | Crushed by falling debris 36050 | -1/Command | Crushed by falling debris 36081 | -1/Command | Crushed by falling debris 36117 | -1/Command | Crushed by falling debris 36168 | -1/Command | Used Subatomic Replicator to replicate Omega Cannon 36179 | -1/Command | Entered Access_0 36180 | -1/Access_0 | Sensed 4 artifacts in vicinity 36181 | -1/Access_0 | Met Architect 36187 | -1/Access_0 | Architect warped through subspace 36206 | -1/Access_0 | Destroyed A8 36211 | -1/Access_0 | X0-1V1 whisked you away to safety 36229 | -1/Access_0 | Architect warped through subspace 36272 | -1/Access_0 | Architect warped through subspace 36303 | -1/Access_0 | Architect warped through subspace 36309 | -1/Access_0 | Core integrity restored by X0-1V1 (+262) 36334 | -1/Access_0 | Architect warped through subspace 36357 | -1/Access_0 | X0-1V1 activates XOMVISION 36373 | -1/Access_0 | Architect warped through subspace 36414 | -1/Access_0 | Architect warped through subspace 36429 | -1/Access_0 | A6 warped into view 36439 | -1/Access_0 | Destroyed A6 36457 | -1/Access_0 | Identified exit to Surface 36457 | -1/Access_0 | X0-1V1 revealed exit location to -0/Surface 36468 | -1/Access_0 | Architect warped through subspace 36498 | -1/Access_0 | Architect warped through subspace 36510 | -1/Access_0 | Found Adv. Kinecellerator 36524 | -1/Access_0 | Architect warped through subspace 36571 | -1/Access_0 | Architect warped through subspace 36599 | -1/Access_0 | Architect warped through subspace 36627 | -1/Access_0 | Architect warped through subspace 36658 | -1/Access_0 | Found Exp. Weapon Cycler 36705 | -1/Access_0 | Found Prototype Device 36707 | -1/Access_0 | Architect warped through subspace 36708 | -1/Access_0 | Identified Desublimator 36711 | -1/Access_0 | Found Exp. Phase Shifter 36725 | -1/Access_0 | Lost 9 parts (2p2n4u1w) 36739 | -1/Access_0 | Architect warped through subspace 36756 | -1/Access_0 | Subspace Access Node disabled 36775 | -1/Access_0 | Architect warped through subspace 36789 | -1/Access_0 | Found Desublimator 36804 | -1/Access_0 | Architect warped through subspace 36831 | -1/Access_0 | Core integrity restored by X0-1V1 (+250) 36842 | -1/Access_0 | Architect warped through subspace 36874 | -1/Access_0 | X0-1V1 activates XOMVISION 36884 | -1/Access_0 | Weapon slot count temporarily expanded by X0-1V1 (+1) 36888 | -1/Access_0 | Architect warped through subspace 36902 | -1/Access_0 | Subspace Access Node disabled 36926 | -1/Access_0 | Architect warped through subspace 36942 | -1/Access_0 | Build established: Scavenger-Mutant 36959 | -1/Access_0 | X0-1V1 sent you into danger 36997 | -1/Access_0 | Core integrity restored by X0-1V1 (+250) 37014 | -1/Access_0 | A5 warped into view 37027 | -1/Access_0 | Architect warped through subspace 37032 | -1/Access_0 | Destroyed A5 37058 | -1/Access_0 | Lost 5 parts (2p1n1u1w) 37086 | -1/Access_0 | Architect warped through subspace 37121 | -1/Access_0 | Subspace Access Node disabled 37128 | -1/Access_0 | Architect warped through subspace 37159 | -1/Access_0 | Architect warped through subspace 37186 | -1/Access_0 | X0-1V1 sent allied Executioner (x3) 37189 | -1/Access_0 | Architect warped through subspace 37209 | -1/Access_0 | Architect warped through subspace 37232 | -1/Access_0 | Architect warped through subspace 37237 | -1/Access_0 | Weapon slot count reverted to normal (-1) 37250 | -1/Access_0 | Subspace Access Node disabled 37256 | -1/Access_0 | Destroyed Architect 37257 | -1/Access_0 | Architect triggered a singularity event 37258 | -1/Access_0 | Found Hpw. Transdimensional Reconstructor 37258 | -1/Access_0 | Warped through subspace to slip node 37265 | *** | Escaped singularity! Last Messages --------------- 37251_ Penetrated by Quantum Shear. 37251_ Quantum Shear penetrates Wall. 37252_ Dropped Omega Cannon. 37253_ Beam penetrates Architect. 37253_ Beam penetrates Earth. 37254_ Penetrated by Quantum Shear. 37254_ Beam penetrates Architect. 37256_ Architect: "If I can't win, no one wins!" 37256_ Architect destroyed. 37257_ A0_COM: Initiating irreversible singularity event. Goodbye. 37258_ A0_COM: 10. 37258_ Acquired Hpw. Transdimensional Reconstructor. 37258_ Warped through subspace, drawn to slip node. 37259_ A0_COM: 9. 37260_ A0_COM: 8. 37261_ A0_COM: 7. 37262_ A0_COM: 6. 37263_ A0_COM: 5. 37264_ A0_COM: 4. 37265_ A0_COM: 3. Map ----- +----------------------------------------------------+ | | | | | | | | | | | | | | | | | | | | | | | | | | | | | | | | | ?????????????????????????????????????????????????? | | ?????????????????????????????????????????????????? | | ?????????????????????????????????????????????????? | | ?????????????????????????????????????????????????? | | ?????????????????????????????????????????????????? | | ?????????????????????????????????????????????????? | | ????????????????????????###??????????????????????? | | ???????????????????????## ##?????????????????????? | | ???????????????????????# #?????????????????????? | | ???????????????????????# @ #?????????????????????? | | ??????????????????????## #?????????????????????? | | ??????????????????????# #?????????????????????? | | ??????????????????????# ##?????????????????????? | | ??????????????????????## #?????????????????????? | | ??????????????????????# #?????????????????????? | | ??????????????????????# ##?????????????????????? | | ??????????????????????# ! #?????????????????????? | | ??????????????????????# ##?????????????????????? | | ??????????????????????## #??????????????????????? | | ???????????????????????####??????????????????????? | | ?????????????????????????????????????????????????? | | ?????????????????????????????????????????????????? | | ?????????????????????????????????????????????????? | | ?????????????????????????????????????????????????? | | ?????????????????????????????????????????????????? | | ?????????????????????????????????????????????????? | | ?????????????????????????????????????????????????? | | ?????????????????????????????????????????????????? | | ?????????????????????????????????????????????????? | | ?????????????????????????????????????????????????? | | ?????????????????????????????????????????????????? | | ?????????????????????????????????????????????????? | | ?????????????????????????????????????????????????? | | ?????????????????????????????????????????????????? | +----------------------------------------------------+ Best States ------------- Heat Dissipation 259 Coolant Potential 100 Energy Generation 123 Energy Capacity 2450 Matter Stores 1125 Matter Capacity 1125 Sight Range 27 Robot Scan Range 19 Terrain Scan Range 30 Terrain Scan Density 210 Jamming Range 16 Power Amplification 40 Base Temperature (-) 200 Corruption Containment 20 Armor Coverage 2100 Resistance: KI 38 Resistance: TH 50 Resistance: EM 25 Core Shielding 30 Propulsion Shielding 90 Utility Shielding 90 Weapon Shielding 100 Weapon Cycling 30 Melee Speed Boost 30 Phase Shifting 20 Evasion (%) 82 Targeting Accuracy 32 Launcher Accuracy 40 Target Analysis 10 Core Analysis 12 Armor Integrity Analysis 50 Recoil Reduction 13 Energy Filtering 30 Particle Charging 25 Kinecelleration 50 Relay Coupler Types 6 Relay Coupler Value 145 Item Schematics ----------------- None Robot Schematics ------------------ None Fabricated ------------ Lrn. Proton Cannon | x2 | -6/Factory | Preloaded Repaired ---------- Nothing Studied --------- None Alien Tech Used ----------------- Phase Redirector Sigix Sheargun Integrated Dissipator LRC Matter Compressor LRC Storage Transdimensional Reconstructor Spacefold Activator Core Reset Matrix Integrated Thermoelectric Network Integrated Mediator Core Membrane Integrated Reactor Integrity Redistributor Core Cannon Subatomic Replicator High-powered Transdimensional Reconstructor Achievements -------------- Deep Understanding White Hat Challenges ------------ None Game ------ Seed PietyFireChronowheel Manual? 0 Play Time 06:24:38 Cumulative 1426.0 hours Start 2026.09.01 @ 20:52:32 End 2026.09.02 @ 17:50:53 Sessions 2 Manual Loads 0 Difficulty Rogue Special Mode None Game No. 442 Rogue 440 Adventurer 2 Explorer 0 Win Type 6 Total 128 Types 34/32/29/2/1/1/22/3/1/3 Lore% 97 Gallery% 92 Achievement% 92 Wizard Run 0 Options --------- Layout 0 ASCII 0 Keyboard 1 Movement Numpad Keybinds 0 Fullscreen 1 Font 24/Smallcaps Map View 76x50 Zoom Use 0% Tactical HUD 1 Map Filters NONE Filters NONE Steam 1 RUN: ec60ff37-c14e-4f4f-a123-288f509a5331